 Dungeon Crawl Stone Soup version 0.29.0-4-gdea44cf6ec (webtiles) character file.

Game seed: 16051514728879862961

417408 qw the Invulnerable (level 22, -2/213 (222) HPs)
             Began as a Minotaur Berserker on Sept 9, 2022.
             Was an Elder of Trog.
             Slain by a titan (13 damage)
             ... on level 5 of the Vaults.
             The game lasted 00:25:34 (58531 turns).

qw the Invulnerable (Minotaur Berserker)           Turns: 58531, Time: 00:25:35

HP:   -2/213 (222)  AC: 46    Str: 34    XL:     22   Next: 58%
MP:   21/21         EV: 16    Int:  6    God:    Trog [****..]
Gold: 1264          SH: 29    Dex: 13    Spells: 21/21 levels left

rFire   x . .      SeeInvis +   s - +5 war axe (vamp)
rCold   . . .      Faith    .   r - +2 tower shield
rNeg    . . .      Spirit   .   j - +2 crystal plate armour
rPois   +          Reflect  +   A - +1 hat
rElec   .          Harm     .   b - +2 cloak {rCorr}
rCorr   +          Rampage  .   i - +2 pair of gloves
Will    +....                   C - +2 pair of boots of Esuukio {+Inv rCorr Str+4 Stlth+}
Stlth   ..........              y - amulet of Jyred {Reflect rPois rF- Will+ Int+2 SH+5}
HPRegen 0.45/turn               q - +4 ring of evasion
MPRegen 0.17/turn               c - ring of see invisible

@: about to teleport, weak-willed, on berserk cooldown, slowed, lightly drained,
very slow
A: horns 2, retaliatory headbutt
}: 2/15 runes: serpentine, barnacled
a: Renounce Religion, Evoke Invisibility, Berserk, Trog's Hand, Brothers in Arms


You were on level 5 of the Vaults.
You worshipped Trog.
Trog was greatly pleased with you.
You visited 7 branches of the dungeon, and saw 39 of its levels.
You visited 1 bazaar.

You collected 3586 gold pieces.
You spent 2322 gold pieces at shops.


Innate Abilities, Weirdness & Mutations

You have a pair of horns on your head.
You reflexively headbutt those who attack you in melee.


   Skills:
 - Level 24.0 Fighting
 - Level 18.0 Axes
 - Level 13.0 Throwing
 O Level 27 Armour
 + Level 11.8 Dodging
 - Level 22.0 Shields


You had 21 spell levels left.
You didn't know any spells.
Your spell library was empty.

Inventory:

Hand Weapons
 s - a +5 vampiric war axe (weapon)
Missiles
 n - 5 silver javelins (quivered)
 t - 3 silver boomerangs
 v - 44 boomerangs
 w - 8 javelins
Armour
 b - a +2 cloak of preservation (worn)
 i - a +2 pair of gloves (worn)
 j - a +2 crystal plate armour (worn)
 k - +0 gold dragon scales
 r - a +2 tower shield (worn)
 A - a +1 hat (worn)
 C - the +2 pair of boots of Esuukio (worn) {+Inv rCorr Str+4 Stlth+}
   (You found it on level 1 of the Vaults)

   Str:       It affects your strength (+4).
   +Inv:      It lets you turn invisible.
   rCorr:     It protects you from acid and corrosion.
   Stlth:     It makes you more stealthy.
Jewellery
 c - a ring of see invisible (right hand)
 e - an amulet of regeneration
 l - a ring of protection from cold
 m - a ring of protection from fire
 q - a +4 ring of evasion (left hand)
 x - a +6 ring of dexterity
 y - the amulet of Jyred (around neck) {Reflect rPois rF- Will+ Int+2 SH+5}
   (You bought it in a shop on level 2 of the Orcish Mines)

   [amulet of reflection]

   It reflects blocked missile attacks.
   Int:       It affects your intelligence (+2).
   rF:        It makes you vulnerable to fire.
   rPois:     It protects you from poison.
   SH:        It affects your SH (+5).
   Will:      It increases your willpower.
 Y - a ring of protection from fire
Scrolls
 a - 7 scrolls of teleportation
 f - 30 scrolls of identify
 B - 2 scrolls of brand weapon
Potions
 d - 6 potions of mutation
 g - 20 potions of curing
 p - 4 potions of might
 u - 6 potions of haste

Dungeon Overview and Level Annotations

Branches:
Dungeon (15/15)            Temple (0/1) D:7            Lair (5/5) D:9
 Shoals (4/4) Lair:3        Snake (4/4) Lair:3        Slime (0/5) Lair:5
    Orc (2/2) D:9             Elf (0/3) Orc:2        Vaults (5/5) D:13
  Crypt (0/3) Vaults:2     Depths (4/4) D:15            Zot (0/5) Depths:4

Altars:
Dithmenos
Elyvilon
Gozag
Kikubaaqudgha
Okawaru
Qazlal
Ru
Trog
Uskayaw
Vehumet
Xom
Yredelemnul
Jiyva

Shops:
Orc:1 **   Orc:2 =:(?   Shoals:2 **   Shoals:3 ![   Shoals:4 *   Snake:1 =
Depths:2 (

Portals:
Hell: Depths:1 Depths:2 Depths:3 Depths:4
Abyss: Depths:3
Pandemonium: Depths:2
Ziggurat: Depths:4
Trove: D:13 (give +5 demon whip)

Annotations:
D:14 2 runed translucent doors
D:15 1 runed translucent door
Shoals:2 3 runed translucent doors, qw's ghost, adept MiBe
Orc:1 2 transporters, qw's ghost, adept GrBe
Depths:1 1 runed translucent door
Depths:2 1 runed translucent door, qw's ghost, adept MiFi


Message History

Your surroundings seem slightly different.
The vault guard unwields a +0 long sword.
The vault guard wields a +2 sling of flaming.
It bursts into flame!
The vault guard shoots a sling bullet.
You reflect the sling bullet off an invisible shield around you!
The sling bullet hits the vault guard!
The sling bullet burns the vault guard.
58529 ||| READING 8 scrolls of teleportation.
As you read the scroll of teleportation, it crumbles to dust.
You feel strangely unstable. You block the titan's attack.
The vault warden hits you with a +0 great sword of holy wrath!!
The ettin hits you but does no damage. The ettin completely misses you.
The vault guard unwields a +2 sling of flaming.
It stops flaming.
The vault guard wields a +0 long sword.
The vault guard hits you but does no damage.
You slash the vault guard!
You feel better.
Your headbutt misses the vault guard.
The vault guard is almost dead.
You slash the ettin! You hit the titan. You slash the vault warden!
You feel better. You block the titan's attack.
You block the vault warden's attack. You block the ettin's attack.
The ettin barely misses you.
The ghostly deep elf death mage closely misses you.
You block the vault guard's attack.
The titan waves its arms in wide circles.
The air twists around and strikes you!
The ghostly deep elf death mage barely misses you.
The vault warden hits you but does no damage.
The ettin hits you but does no damage. The ettin closely misses you.
You slash the vault guard!
The lost soul assumes the form of the vault guard and becomes anchored to this world!
You headbutt the ghostly vault guard.
The ghostly vault guard is lightly damaged.
You slice the titan!! You slash the vault warden!
You feel better.
You hit the ettin. You slash the titan!
You feel better.
Your skin stops crawling.
You feel less strong-willed.
You block the ghostly vault guard's attack.
You block the ghostly deep elf death mage's attack.
The titan hits you!
You die...

.#..# ...#
....#..[.#
...#....# #.
###!.#....##..
....#....#...
........?..#
#######Cp.....)##
..?....@Cc%.....$
.....).pC%<<...$.
...)...Wpe)%<....
....)..))%<<....$
#######........##
............
....#....#...
....).#....##..
#.....#....# .#


You could see 2 titans, 2 vault wardens, a yaktaur captain, a ghostly vault
guard, a ghostly deep elf death mage (strong), an ettin and a freezing wraith.

Vanquished Creatures
  Mara (Vaults:3)
  2 juggernauts (Depths:3)
  Frederick (Vaults:2)
  Bai Suzhen (Vaults:4)
  Saint Roka (Vaults:4)
  Vashnia (Snake:4)
  4 golden dragons
  A bone dragon (Depths:4)
  3 tentacled monstrosities
  Jorgrun (Shoals:1)
  3 liches
  Mlioglotl (Shoals:3)
  A walking crystal tome (Depths:3)
  Asterion (Vaults:2)
  2 quicksilver dragons
  3 titans (Vaults:5)
  9 sphinxes
  Kirke (D:15)
  2 shadow dragons (Vaults:5)
  2 storm dragons
  2 tengu reavers (Vaults:5)
  3 nagarajas (Snake:4)
  14 vault wardens
  2 draconian knights (Depths:4)
  3 fire giants
  4 iron dragons
  Louise (Depths:3)
  Aizul (Vaults:4)
  7 frost giants
  3 orc warlords
  A draconian stormcaller (Depths:4)
  A curse skull (Vaults:2)
  14 stone giants
  7 ironbound thunderhulks
  27 very ugly things
  2 war gargoyles (Vaults:5)
  A vampire knight (Depths:1)
  19 ironbound preservers
  A caustic shrike skeleton (Depths:1)
  A green draconian (Depths:4)
  A black draconian (Depths:4)
  5 entropy weavers
  A yellow draconian (Depths:4)
  14 dire elephants
  5 spark wasps
  A deep elf death mage (Vaults:5)
  5 merfolk javelineers
  6 merfolk impalers (Shoals:4)
  15 yaktaur captains
  11 ettins
  6 fire dragons
  A great orb of eyes (shapeshifter) (Vaults:4)
  5 great orbs of eyes
  4 rakshasas
  4 catoblepae
  43 vault guards
  12 ice dragons
  6 spriggan air magi (Depths:3)
  4 ogre magi
  2 salamander tyrants (Snake:4)
  9 anacondas
  15 two-headed ogres
  A spriggan skeleton (Depths:1)
  14 ironbound frosthearts
  3 merfolk avatars
  7 naga warriors
  A satyr (Shoals:4)
  8 centaur warriors
  2 alligator snapping turtles
  4 tengu warriors
  3 vampire magi
  8 spriggan berserkers
  A shock serpent (shapeshifter) (Vaults:5)
  A deep troll earth mage (Depths:3)
  6 shock serpents
  3 hell knights (Depths:3)
  10 naga sharpshooters
  2 orc high priests
  A deep troll shaman (Depths:3)
  3 merfolk aquamancers (Shoals:4)
  A titan skeleton (Depths:2)
  A salamander mystic (Snake:4)
  9 skeletal warriors
  2 iron trolls (Depths:3)
  A shadow wraith (Vaults:5)
  A tengu zombie (Depths:2)
  45 deep trolls
  19 sea snakes
  7 glowing orange brains
  22 ironbound convokers
  A kraken simulacrum (Shoals:4)
  2 flayed ghosts
  4 naga ritualists
  4 harpies (Shoals:4)
  11 wizards
  10 lindwurms
  A harpy (shapeshifter) (D:14)
  A fire giant zombie (D:15)
  3 necromancers
  6 phantasmal warriors
  7 deep elf pyromancers
  6 deep elf zephyrmancers (D:13)
  16 orc knights
  3 oklob plants
  10 mana vipers
  A mana viper (shapeshifter) (Vaults:5)
  6 fauns (Shoals:3)
  An orc sorcerer (Vaults:5)
  11 salamanders
  38 ugly things
  2 stone giant zombies (D:15)
  10 cyclopes
  10 elephants
  14 manticores
  A stone giant skeleton (Depths:1)
  10 naga magi
  13 merfolk sirens
  An iron dragon skeleton (Depths:1)
  21 vault sentinels
  4 guardian serpents (Snake:4)
  32 black mambas
  Maggie (D:6)
  10 cane toads
  2 gargoyles (D:11)
  5 water nymphs
  A rime drake (shapeshifter) (D:13)
  3 rime drakes
  42 yaktaurs
  3 komodo dragons
  An unseen horror (D:13)
  3 freezing wraiths
  2 efreet (D:15)
  7 trolls
  7 polar bears
  3 tengu conjurers
  19 merfolk
  7 wind drakes
  6 hornets
  15 slime creatures
  Grinder (D:5)
  20 blink frogs
  5 dream sheep
  7 snapping turtles
  A raiju (Lair:5)
  Sigmund (D:5)
  A stone giant simulacrum (Depths:1)
  A culicivora (shapeshifter) (D:14)
  8 spriggans
  2 jumping spiders
  2 shadows
  An ettin skeleton (Depths:2)
  A culicivora (Vaults:4)
  11 water elementals
  32 yaks
  A wraith (D:11)
  6 wyverns
  3 hogs (D:15)
  A fire bat (shapeshifter) (Vaults:5)
  A steam dragon (D:8)
  8 vampire mosquitoes
  4 redbacks
  A neqoxec (Depths:2)
  14 wargs
  A human zombie (D:15)
  45 nagas
  15 hell hounds (Lair:5)
  12 water moccasins
  44 orc warriors
  15 black bears
  2 floating eyes (Depths:3)
  A swamp drake (Lair:3)
  A sky beast (D:6)
  An ice beast (D:7)
  9 ogres
  38 wolves
  An ogre (shapeshifter) (Vaults:5)
  4 boggarts (Vaults:3)
  12 centaurs
  9 kobold brigands
  11 bullfrogs
  4 scorpions
  9 wights (D:7)
  8 killer bees
  A howler monkey (D:12)
  5 electric eels
  5 jellies
  5 hounds
  19 orc priests
  3 gnoll boudas
  3 iguanas
  23 orc wizards
  18 gnolls
  5 adders
  2 worms
  5 dart slugs
  88 orcs
  8 endoplasms
  5 giant cockroaches
  3 goblins
  7 hobgoblins
  13 jackals
  45 kobolds
  3 quokkas
  6 ball pythons
  4 bats
  A frilled lizard (D:1)
  A rat (D:1)
  A butterfly (Lair:5)
1567 creatures vanquished.

Vanquished Creatures (collateral kills)
  A titan (Depths:3)
  Ilsuiw (Shoals:4)
  2 vault wardens
  Nessos (Orc:2)
  An ettin (Depths:1)
  A merfolk javelineer (Shoals:4)
  A vault guard (Vaults:4)
  2 boulder beetles (D:12)
  An ogre mage (Orc:2)
  A hydra (Lair:3)
  A merfolk aquamancer (Shoals:4)
  A two-headed ogre (D:12)
  An orc high priest (Orc:2)
  Sonja (Orc:2)
  2 skeletal warriors (D:13)
  A salamander mystic (Snake:2)
  An ironbound convoker (Vaults:4)
  2 orc knights (Orc:2)
  3 oklob plants
  A merfolk siren (Shoals:4)
  A vault sentinel (Vaults:4)
  3 merfolk
  3 polar bears (Lair:5)
  A blink frog (Lair:5)
  A snapping turtle (Shoals:1)
  A warg (Lair:5)
  A hell hound (Lair:5)
  2 water moccasins (Lair:5)
  5 orc warriors
  2 ogres (Orc:2)
  4 orc priests (Orc:2)
  3 orc wizards (Orc:2)
  8 orcs (Orc:2)
  A butterfly (Lair:5)
62 creatures vanquished.

Vanquished Creatures (others)
  A red draconian (Depths:4)
  A deep troll earth mage (Depths:4)
  A naga ritualist (Snake:3)
  A blink frog (Lair:1)
  2 humans (D:15)
  An orc (D:8)
  10 fungi
  62 plants
  4 tentacles (Shoals:4)
  7 withered plants (D:15)
90 creatures vanquished.

Grand Total: 1719 creatures vanquished

Notes
Turn   | Place    | Note
-------+----------+-------------------------------------------
     0 | D:1      | qw the Minotaur Berserker began the quest for the Orb.
     0 | D:1      | Reached XP level 1. HP: 19/19 MP: 0/0
     0 | D:1      | 0 ||| qw: Version: 0.1-a-112-g44dc6cd
     0 | D:1      | 0 ||| qw: Game counter: 6885
     0 | D:1      | 0 ||| qw: Always use a shield: true
     0 | D:1      | 0 ||| qw: Do Orc after D:15 true
     0 | D:1      | 0 ||| qw: Do second Lair branch before Depths: true
     0 | D:1      | 0 ||| qw: Lair rune preference: random
     0 | D:1      | 0 ||| qw: Plans: Normal
     0 | D:1      | 0 ||| PLANNING D:1-11
    43 | D:1      | Found a faded altar of an unknown god.
    71 | D:1      | 71 ||| INVOKING Berserk.
   425 | D:1      | 425 ||| Stepping ~*~*~tactically~*~*~ (stealth).
   426 | D:1      | 426 ||| Stepping ~*~*~tactically~*~*~ (stealth).
   427 | D:1      | 427 ||| Stepping ~*~*~tactically~*~*~ (stealth).
   431 | D:1      | Reached XP level 2. HP: 13/26 MP: 1/1
   431 | D:1      | 431 ||| INVOKING Berserk.
   455 | D:1      | 455 ||| Stepping ~*~*~tactically~*~*~ (stealth).
   458 | D:1      | 458 ||| Stepping ~*~*~tactically~*~*~ (stealth).
   463 | D:1      | 463 ||| Stepping ~*~*~tactically~*~*~ (stealth).
   464 | D:1      | 464 ||| Stepping ~*~*~tactically~*~*~ (stealth).
   470 | D:1      | 470 ||| INVOKING Berserk.
  1242 | D:1      | Reached XP level 3. HP: 31/31 MP: 2/2
  1355 | D:1      | 1355 ||| UPGRADING to +1 pair of gloves.
  1360 | D:1      | 1360 ||| DROPPING amulet of faith.
  1361 | D:1      | 1361 ||| UPGRADING to ring of protection from cold.
  1362 | D:1      | 1362 ||| READING 2 scrolls labelled OHIBLED HYMOS.
  1367 | D:1      | 1367 ||| READING 2 scrolls labelled JOEQUJYQIY.
  1368 | D:1      | 1368 ||| READING scroll labelled DUXOBB NUITAUN.
  1390 | D:2      | Found a hide-covered altar of Uskayaw.
  1481 | D:2      | 1481 ||| INVOKING Berserk.
  1627 | D:2      | 1627 ||| Stepping ~*~*~tactically~*~*~ (stealth).
  1629 | D:2      | 1629 ||| Stepping ~*~*~tactically~*~*~ (stealth).
  1677 | D:2      | Reached ** piety under Trog
  1680 | D:2      | 1680 ||| Stepping ~*~*~tactically~*~*~ (hiding).
  1810 | D:2      | 1810 ||| Stepping ~*~*~tactically~*~*~ (stealth).
  1812 | D:2      | 1812 ||| Stepping ~*~*~tactically~*~*~ (hiding).
  1919 | D:2      | 1919 ||| Stepping ~*~*~tactically~*~*~ (stealth).
  1928 | D:2      | Reached XP level 4. HP: 36/39 MP: 3/3
  2019 | D:2      | Reached skill level 6 in Axes
  2061 | D:2      | 2061 ||| UPGRADING to +0 ring mail.
  2071 | D:2      | 2071 ||| DROPPING +0 animal skin.
  2072 | D:2      | 2072 ||| UPGRADING to +0 pair of boots.
  2077 | D:2      | 2077 ||| READING 2 scrolls labelled FOICKUTYRECS.
  2178 | D:2      | 2178 ||| DRINKING 2 pink potions.
  2179 | D:2      | 2179 ||| READING 2 scrolls of identify.
  2179 | D:2      | 2179 ||| IDENTIFYING sedimented amethyst potion
  2180 | D:2      | 2180 ||| DROPPING scroll of silence.
  2289 | D:3      | 2289 ||| Stepping ~*~*~tactically~*~*~ (hiding).
  2444 | D:3      | Found a basalt altar of Yredelemnul.
  2487 | D:3      | 2487 ||| Stepping ~*~*~tactically~*~*~ (hiding).
  2489 | D:3      | 2489 ||| INVOKING Berserk.
  2590 | D:3      | 2590 ||| DROPPING +0 whip.
  2813 | D:3      | 2813 ||| DROPPING scarf of shadows.
  2814 | D:3      | 2814 ||| READING 2 scrolls of identify.
  2814 | D:3      | 2814 ||| IDENTIFYING glowing green potion
  2815 | D:3      | 2815 ||| DROPPING potion of magic.
  2884 | D:4      | Reached XP level 5. HP: 31/45 MP: 4/4
  2973 | D:4      | 2973 ||| Stepping ~*~*~tactically~*~*~ (stealth).
  2978 | D:4      | 2978 ||| INVOKING Berserk.
  3148 | D:4      | 3148 ||| INVOKING Berserk.
  3151 | D:4      | Reached XP level 6. HP: 52/52 MP: 5/5
  3383 | D:4      | 3383 ||| Stepping ~*~*~tactically~*~*~ (stealth).
  3417 | D:4      | Noticed a wyvern
  3425 | D:4      | Killed a wyvern
  3426 | D:4      | Reached skill level 9 in Axes
  3426 | D:4      | Reached XP level 7. HP: 34/59 MP: 6/6
  3719 | D:4      | 3719 ||| Stepping ~*~*~tactically~*~*~ (stealth).
  4144 | D:4      | 4144 ||| SWAPPING to +0 war axe.
  4145 | D:4      | 4145 ||| DROPPING +0 hand axe.
  4146 | D:4      | 4146 ||| UPGRADING to +0 scale mail.
  4156 | D:4      | 4156 ||| DROPPING +0 ring mail.
  4157 | D:4      | 4157 ||| UPGRADING to ring of poison resistance.
  4158 | D:4      | 4158 ||| READING scroll labelled JISAKLYITZ.
  4159 | D:4      | 4159 ||| READING scroll labelled BYSOAHEASCH.
  4160 | D:4      | 4160 ||| READING 5 scrolls of identify.
  4160 | D:4      | 4160 ||| IDENTIFYING yellow potion
  4161 | D:4      | 4161 ||| READING 4 scrolls of identify.
  4161 | D:4      | 4161 ||| IDENTIFYING fizzy silvery potion
  4162 | D:4      | 4162 ||| READING 3 scrolls of identify.
  4162 | D:4      | 4162 ||| IDENTIFYING fuming green potion
  4163 | D:4      | 4163 ||| READING 2 scrolls of identify.
  4163 | D:4      | 4163 ||| IDENTIFYING metallic dark potion
  4164 | D:4      | 4164 ||| DROPPING potion of degeneration.
  4165 | D:4      | 4165 ||| DROPPING potion of attraction.
  4166 | D:4      | 4166 ||| DROPPING potion of brilliance.
  4187 | D:5      | Entered Level 5 of the Dungeon
  4234 | D:5      | Found a stormy altar of Qazlal.
  4310 | D:5      | 4310 ||| Stepping ~*~*~tactically~*~*~ (hiding).
  4311 | D:5      | 4311 ||| Stepping ~*~*~tactically~*~*~ (hiding).
  4313 | D:5      | 4313 ||| Stepping ~*~*~tactically~*~*~ (hiding).
  4322 | D:5      | Reached skill level 1 in Throwing
  4538 | D:5      | Reached *** piety under Trog
  4539 | D:5      | Noticed Grinder
  4540 | D:5      | 4540 ||| INVOKING Trog's Hand.
  4543 | D:5      | 4543 ||| INVOKING Berserk.
  4548 | D:5      | Killed Grinder
  4704 | D:5      | Identified the +6 war axe "Juptud" {pain, Str+2 Int+3 Dex+2
                  | Stlth+}
  4706 | D:5      | 4706 ||| DROPPING +6 war axe "Juptud" {pain, Str+2 Int+3
                  | Dex+2 Stlth+}.
  4807 | D:5      | Reached XP level 8. HP: 68/68 MP: 7/7
  4811 | D:5      | 4811 ||| INVOKING Berserk.
  4949 | D:5      | Noticed Sigmund
  4951 | D:5      | 4951 ||| Stepping ~*~*~tactically~*~*~ (hiding).
  4953 | D:5      | 4953 ||| INVOKING Berserk.
  4956 | D:5      | Killed Sigmund
  4957 | D:5      | Reached skill level 4 in Armour
  4967 | D:5      | 4967 ||| STAIRDANCE
  5085 | D:4      | 5085 ||| UPGRADING to +0 cloak.
  5090 | D:4      | 5090 ||| READING scroll labelled ESYARO FOACUO.
  5091 | D:4      | 5091 ||| READING scroll labelled POSUWE ISIS.
  5143 | D:5      | Reached skill level 6 in Fighting
  5465 | D:5      | 5465 ||| INVOKING Berserk.
  5672 | D:6      | Found a radiant altar of Vehumet.
  5672 | D:6      | Found an ancient bone altar of Kikubaaqudgha.
  5723 | D:6      | 5723 ||| INVOKING Berserk.
  5836 | D:6      | Reached skill level 3 in Throwing
  5858 | D:6      | 5858 ||| Stepping ~*~*~tactically~*~*~ (stealth).
  5860 | D:6      | 5860 ||| Stepping ~*~*~tactically~*~*~ (stealth).
  5862 | D:6      | 5862 ||| Stepping ~*~*~tactically~*~*~ (hiding).
  5863 | D:6      | 5863 ||| Stepping ~*~*~tactically~*~*~ (hiding).
  5864 | D:6      | 5864 ||| Stepping ~*~*~tactically~*~*~ (hiding).
  5877 | D:6      | 5877 ||| INVOKING Berserk.
  6068 | D:6      | 6068 ||| Stepping ~*~*~tactically~*~*~ (stealth).
  6071 | D:6      | 6071 ||| INVOKING Berserk.
  6086 | D:6      | Reached skill level 12 in Axes
  6095 | D:6      | Reached XP level 9. HP: 70/78 MP: 8/8
  6209 | D:6      | Noticed Maggie
  6210 | D:6      | 6210 ||| Stepping ~*~*~tactically~*~*~ (hiding).
  6226 | D:6      | 6226 ||| INVOKING Berserk.
  6229 | D:6      | Paralysed by Maggie for 4 turns
  6235 | D:6      | Killed Maggie
  6518 | D:6      | 6518 ||| INVOKING Berserk.
  6634 | D:6      | Found a shadowy altar of Dithmenos.
  6635 | D:6      | Found a shimmering altar of Xom.
  6744 | D:6      | Found Dyatiuj's General Store.
  6827 | D:6      | 6827 ||| INVOKING Berserk.
  6958 | D:6      | 6958 ||| FLEEEEING.
  6959 | D:6      | 6959 ||| FLEEEEING.
  6960 | D:6      | 6960 ||| FLEEEEING.
  6961 | D:6      | 6961 ||| FLEEEEING.
  6962 | D:6      | 6962 ||| FLEEEEING.
  6963 | D:6      | 6963 ||| FLEEEEING.
  6964 | D:6      | 6964 ||| FLEEEEING.
  6965 | D:6      | 6965 ||| FLEEEEING.
  6966 | D:6      | 6966 ||| FLEEEEING.
  7162 | D:6      | 7162 ||| INVOKING Berserk.
  7383 | D:6      | 7383 ||| UPGRADING to +0 plate armour.
  7393 | D:6      | 7393 ||| DROPPING +0 scale mail.
  7394 | D:6      | 7394 ||| READING 2 scrolls labelled DASEIDDUCUA.
  7395 | D:6      | 7395 ||| READING 3 scrolls of identify.
  7395 | D:6      | 7395 ||| IDENTIFYING ruby potion
  7396 | D:6      | 7396 ||| READING 2 scrolls of identify.
  7396 | D:6      | 7396 ||| IDENTIFYING puce potion
  7397 | D:6      | 7397 ||| DROPPING potion of lignification.
  7398 | D:6      | 7398 ||| DROPPING potion of flight.
  7399 | D:6      | 7399 ||| DROPPING scroll of vulnerability.
  7409 | D:7      | Found a flagged portal.
  7422 | D:7      | Reached skill level 5 in Armour
  7431 | D:7      | Reached skill level 6 in Armour
  7534 | D:7      | 7534 ||| Stepping ~*~*~tactically~*~*~ (stealth).
  7536 | D:7      | 7536 ||| Stepping ~*~*~tactically~*~*~ (hiding).
  7544 | D:7      | 7544 ||| Stepping ~*~*~tactically~*~*~ (stealth).
  7547 | D:7      | 7547 ||| Stepping ~*~*~tactically~*~*~ (stealth).
  7580 | D:7      | 7580 ||| Stepping ~*~*~tactically~*~*~ (hiding).
  7582 | D:7      | 7582 ||| Stepping ~*~*~tactically~*~*~ (hiding).
  7588 | D:7      | 7588 ||| Stepping ~*~*~tactically~*~*~ (stealth).
  7590 | D:7      | 7590 ||| INVOKING Berserk.
  7762 | D:7      | Found a staircase to the Ecumenical Temple.
  7777 | D:7      | 7777 ||| Stepping ~*~*~tactically~*~*~ (stealth).
  7778 | D:7      | 7778 ||| Stepping ~*~*~tactically~*~*~ (stealth).
  7780 | D:7      | 7780 ||| INVOKING Berserk.
  7787 | D:7      | Reached skill level 7 in Armour
  7978 | D:7      | Found a bloodstained altar of Trog.
  8030 | D:7      | 8030 ||| Stepping ~*~*~tactically~*~*~ (stealth).
  8032 | D:7      | 8032 ||| Stepping ~*~*~tactically~*~*~ (stealth).
  8036 | D:7      | 8036 ||| Stepping ~*~*~tactically~*~*~ (stealth).
  8038 | D:7      | 8038 ||| Stepping ~*~*~tactically~*~*~ (stealth).
  8040 | D:7      | 8040 ||| Stepping ~*~*~tactically~*~*~ (stealth).
  8045 | D:7      | 8045 ||| Stepping ~*~*~tactically~*~*~ (stealth).
  8047 | D:7      | 8047 ||| Stepping ~*~*~tactically~*~*~ (stealth).
  8049 | D:7      | 8049 ||| Stepping ~*~*~tactically~*~*~ (stealth).
  8222 | D:7      | 8222 ||| Stepping ~*~*~tactically~*~*~ (hiding).
  8223 | D:7      | 8223 ||| Stepping ~*~*~tactically~*~*~ (hiding).
  8373 | D:7      | 8373 ||| READING scroll labelled KAF WINYIRU.
  8374 | D:7      | 8374 ||| READING scroll labelled CESOBB WOAHOS.
  8408 | D:6      | Found a sacrificial altar of Ru.
  8481 | D:8      | Reached XP level 10. HP: 83/88 MP: 9/9
  8612 | D:8      | 8612 ||| Stepping ~*~*~tactically~*~*~ (stealth).
  8614 | D:8      | 8614 ||| Stepping ~*~*~tactically~*~*~ (hiding).
  8622 | D:8      | 8622 ||| INVOKING Berserk.
  9124 | D:8      | 9124 ||| Stepping ~*~*~tactically~*~*~ (hiding).
  9304 | D:8      | 9304 ||| UPGRADING to amulet of the acrobat.
  9309 | D:8      | 9309 ||| READING scroll labelled JAHABU HAFIS.
  9344 | D:9      | 9344 ||| INVOKING Berserk.
  9346 | D:9      | Reached **** piety under Trog
  9357 | D:9      | Reached skill level 8 in Armour
  9616 | D:9      | 9616 ||| INVOKING Berserk.
  9753 | D:9      | 9753 ||| Stepping ~*~*~tactically~*~*~ (hiding).
  9785 | D:9      | 9785 ||| READING 4 scrolls of teleportation.
  9788 | D:9      | 9788 ||| FLEEEEING.
  9795 | D:9      | 9795 ||| INVOKING Berserk.
  9968 | D:9      | 9968 ||| Stepping ~*~*~tactically~*~*~ (stealth).
  9974 | D:9      | 9974 ||| Stepping ~*~*~tactically~*~*~ (stealth).
  9982 | D:9      | 9982 ||| INVOKING Berserk.
  9986 | D:9      | Reached skill level 15 in Axes
 10123 | D:9      | 10123 ||| READING 6 scrolls of teleportation.
 10139 | D:9      | 10139 ||| READING 5 scrolls of teleportation.
 10141 | D:9      | Found a staircase to the Orcish Mines.
 10197 | D:9      | 10197 ||| INVOKING Berserk.
 10202 | D:9      | Reached skill level 9 in Fighting
 10358 | D:9      | 10358 ||| UPGRADING to +4 ring of evasion.
 10360 | D:9      | 10360 ||| READING scroll labelled RINWUGA INUF.
 10361 | D:9      | 10361 ||| READING 4 scrolls of teleportation.
 10366 | D:9      | Found a staircase to the Lair.
 10370 | D:9      | 10370 ||| INVOKING Berserk.
 10379 | D:9      | Reached skill level 3 in Dodging
 10490 | D:9      | 10490 ||| DROPPING +2 flail of protection.
 10908 | D:9      | 10908 ||| Stepping ~*~*~tactically~*~*~ (hiding).
 10914 | D:9      | 10914 ||| INVOKING Berserk.
 11174 | D:9      | Noticed a two-headed ogre
 11175 | D:9      | 11175 ||| UPGRADING to +2 cloak of preservation.
 11185 | D:9      | 11185 ||| INVOKING Berserk.
 11188 | D:9      | Killed a two-headed ogre
 11264 | D:9      | 11264 ||| DROPPING +0 cloak.
 11286 | D:9      | 11286 ||| PLANNING LAIR
 11316 | Lair:1   | Entered Level 1 of the Lair of Beasts
 11402 | Lair:1   | Noticed a cane toad
 11405 | Lair:1   | Killed a cane toad
 11406 | Lair:1   | Reached XP level 11. HP: 97/97 MP: 10/10
 11428 | Lair:1   | 11428 ||| READING 4 scrolls of teleportation.
 11453 | Lair:1   | 11453 ||| READING 3 scrolls of teleportation.
 11536 | Lair:1   | 11536 ||| INVOKING Berserk.
 11536 | Lair:1   | Noticed a catoblepas
 11548 | Lair:1   | Reached skill level 9 in Armour
 11567 | Lair:1   | Killed a catoblepas
 11591 | Lair:1   | 11591 ||| Stepping ~*~*~tactically~*~*~ (stealth).
 11695 | Lair:1   | 11695 ||| Stepping ~*~*~tactically~*~*~ (stealth).
 11853 | Lair:1   | 11853 ||| INVOKING Berserk.
 11890 | Lair:1   | 11890 ||| Stepping ~*~*~tactically~*~*~ (stealth).
 12189 | Lair:1   | 12189 ||| READING scroll labelled QIXOLI ZIUDGH.
 12190 | Lair:1   | 12190 ||| DRINKING 2 smoky yellow potions.
 12230 | Lair:2   | 12230 ||| INVOKING Berserk.
 12239 | Lair:2   | Reached skill level 10 in Armour
 12449 | Lair:2   | 12449 ||| Stepping ~*~*~tactically~*~*~ (stealth).
 12451 | Lair:2   | 12451 ||| Stepping ~*~*~tactically~*~*~ (stealth).
 12463 | Lair:2   | 12463 ||| Stepping ~*~*~tactically~*~*~ (stealth).
 12507 | Lair:2   | 12507 ||| Stepping ~*~*~tactically~*~*~ (stealth).
 12516 | Lair:2   | 12516 ||| Stepping ~*~*~tactically~*~*~ (stealth).
 12523 | Lair:2   | 12523 ||| INVOKING Berserk.
 12730 | Lair:2   | 12730 ||| INVOKING Berserk.
 12738 | Lair:2   | Reached skill level 11 in Armour
 12890 | Lair:2   | Noticed an oklob plant
 12896 | Lair:2   | 12896 ||| INVOKING Berserk.
 12901 | Lair:2   | Killed an oklob plant
 13044 | Lair:2   | 13044 ||| INVOKING Berserk.
 13177 | Lair:2   | Identified the +1 scale mail "Fasuh" {rElec Str-3 Int+6
                  | Stlth+}
 13184 | Lair:2   | Reached XP level 12. HP: 96/110 MP: 11/11
 13245 | Lair:2   | 13245 ||| Stepping ~*~*~tactically~*~*~ (stealth).
 13250 | Lair:2   | Reached skill level 6 in Throwing
 13254 | Lair:2   | 13254 ||| Stepping ~*~*~tactically~*~*~ (stealth).
 13392 | Lair:2   | Reached skill level 12 in Fighting
 13437 | Lair:2   | 13437 ||| FLEEEEING.
 13438 | Lair:2   | 13438 ||| FLEEEEING.
 13439 | Lair:2   | 13439 ||| FLEEEEING.
 13442 | Lair:2   | 13442 ||| FLEEEEING.
 13443 | Lair:2   | 13443 ||| FLEEEEING.
 13444 | Lair:2   | 13444 ||| STAIRDANCE
 13586 | Lair:1   | 13586 ||| READING scroll labelled USTRIG ZUIGH.
 13782 | Lair:1   | 13782 ||| READING scroll labelled KEPNIYGEIG.
 13783 | Lair:1   | 13783 ||| READING 4 scrolls of identify.
 13783 | Lair:1   | 13783 ||| IDENTIFYING lumpy purple potion
 13784 | Lair:1   | 13784 ||| READING 3 scrolls of identify.
 13784 | Lair:1   | 13784 ||| IDENTIFYING fizzy yellow potion
 13785 | Lair:1   | 13785 ||| DROPPING potion of ambrosia.
 13786 | Lair:1   | 13786 ||| DROPPING potion of invisibility.
 13789 | Lair:2   | 13789 ||| STAIRDANCE
 13796 | Lair:1   | Reached ***** piety under Trog
 13811 | Lair:2   | 13811 ||| Stepping ~*~*~tactically~*~*~ (stealth).
 13824 | Lair:2   | Reached skill level 12 in Armour
 14288 | Lair:3   | Noticed an eight-headed hydra
 14289 | Lair:3   | 14289 ||| INVOKING Brothers in Arms.
 14290 | Lair:3   | 14290 ||| INVOKING Brothers in Arms.
 14292 | Lair:3   | 14292 ||| SWAPPING to +0 morningstar.
 14294 | Lair:3   | 14294 ||| INVOKING Berserk.
 14295 | Lair:3   | Killed an eight-headed hydra
 14330 | Lair:3   | 14330 ||| SWAPPING to +1 war axe of protection.
 14466 | Lair:3   | 14466 ||| Stepping ~*~*~tactically~*~*~ (stealth).
 14470 | Lair:3   | 14470 ||| INVOKING Berserk.
 14661 | Lair:3   | Found a staircase to the Shoals.
 14734 | Lair:3   | 14734 ||| Stepping ~*~*~tactically~*~*~ (stealth).
 14737 | Lair:3   | 14737 ||| Stepping ~*~*~tactically~*~*~ (stealth).
 14740 | Lair:3   | 14740 ||| Stepping ~*~*~tactically~*~*~ (stealth).
 14742 | Lair:3   | 14742 ||| Stepping ~*~*~tactically~*~*~ (hiding).
 15044 | Lair:3   | Found a staircase to the Snake Pit.
 15045 | Lair:3   | 15045 ||| Stepping ~*~*~tactically~*~*~ (hiding).
 15064 | Lair:3   | Reached skill level 13 in Armour
 15265 | Lair:3   | 15265 ||| Stepping ~*~*~tactically~*~*~ (stealth).
 15318 | Lair:4   | 15318 ||| Stepping ~*~*~tactically~*~*~ (stealth).
 15680 | Lair:4   | 15680 ||| INVOKING Brothers in Arms.
 15684 | Lair:4   | 15684 ||| INVOKING Berserk.
 16151 | Lair:4   | 16151 ||| DROPPING +6 ring of intelligence.
 16166 | Lair:4   | Reached XP level 13. HP: 124/124 MP: 12/12
 16190 | Lair:5   | Entered Level 5 of the Lair of Beasts
 16192 | Lair:5   | 16192 ||| INVOKING Berserk.
 16201 | Lair:5   | Reached skill level 6 in Dodging
 16227 | Lair:5   | Reached skill level 15 in Fighting
 16313 | Lair:5   | 16313 ||| FLEEEEING.
 16318 | Lair:5   | 16318 ||| STAIRDANCE
 16431 | Lair:5   | 16431 ||| INVOKING Brothers in Arms.
 16432 | Lair:5   | 16432 ||| INVOKING Brothers in Arms.
 16433 | Lair:5   | 16433 ||| INVOKING Brothers in Arms.
 16434 | Lair:5   | Found a staircase to the Slime Pits.
 16435 | Lair:5   | Found a viscous altar of Jiyva.
 16439 | Lair:5   | 16439 ||| INVOKING Berserk.
 16639 | Lair:5   | 16639 ||| FLEEEEING.
 16640 | Lair:5   | 16640 ||| FLEEEEING.
 16641 | Lair:5   | 16641 ||| FLEEEEING.
 16642 | Lair:5   | 16642 ||| FLEEEEING.
 16649 | Lair:5   | 16649 ||| STAIRDANCE
 16759 | Lair:5   | 16759 ||| INVOKING Berserk.
 16774 | Lair:5   | 16774 ||| INVOKING Brothers in Arms.
 16897 | Lair:5   | 16897 ||| INVOKING Berserk.
 17042 | Lair:5   | 17042 ||| Stepping ~*~*~tactically~*~*~ (stealth).
 17045 | Lair:5   | 17045 ||| Stepping ~*~*~tactically~*~*~ (hiding).
 17051 | Lair:5   | 17051 ||| Stepping ~*~*~tactically~*~*~ (stealth).
 17055 | Lair:5   | Reached skill level 14 in Armour
 17161 | Lair:5   | 17161 ||| Stepping ~*~*~tactically~*~*~ (stealth).
 17166 | Lair:5   | 17166 ||| INVOKING Berserk.
 17326 | Lair:5   | 17326 ||| Stepping ~*~*~tactically~*~*~ (stealth).
 17329 | Lair:5   | 17329 ||| Stepping ~*~*~tactically~*~*~ (hiding).
 17371 | Lair:5   | 17371 ||| INVOKING Berserk.
 17399 | Lair:5   | 17399 ||| INVOKING Brothers in Arms.
 17498 | Lair:5   | 17498 ||| Stepping ~*~*~tactically~*~*~ (stealth).
 17515 | Lair:5   | 17515 ||| Stepping ~*~*~tactically~*~*~ (stealth).
 17519 | Lair:5   | 17519 ||| Stepping ~*~*~tactically~*~*~ (hiding).
 17680 | Lair:5   | 17680 ||| Stepping ~*~*~tactically~*~*~ (hiding).
 17688 | Lair:5   | 17688 ||| INVOKING Berserk.
 17819 | Lair:5   | 17819 ||| Stepping ~*~*~tactically~*~*~ (hiding).
 17825 | Lair:5   | 17825 ||| INVOKING Berserk.
 17841 | Lair:5   | 17841 ||| INVOKING Brothers in Arms.
 17842 | Lair:5   | 17842 ||| INVOKING Brothers in Arms.
 17843 | Lair:5   | 17843 ||| INVOKING Brothers in Arms.
 17902 | Lair:5   | 17902 ||| Stepping ~*~*~tactically~*~*~ (stealth).
 17917 | Lair:5   | 17917 ||| INVOKING Berserk.
 17925 | Lair:5   | Reached skill level 15 in Armour
 17931 | Lair:5   | 17931 ||| Stepping ~*~*~tactically~*~*~ (cloud).
 17941 | Lair:5   | 17941 ||| Stepping ~*~*~tactically~*~*~ (cloud).
 17943 | Lair:5   | 17943 ||| Stepping ~*~*~tactically~*~*~ (cloud).
 17944 | Lair:5   | 17944 ||| Stepping ~*~*~tactically~*~*~ (cloud).
 17945 | Lair:5   | 17945 ||| Stepping ~*~*~tactically~*~*~ (cloud).
 18233 | Lair:5   | 18233 ||| PLANNING D:1-11
 18333 | D:10     | Entered Level 10 of the Dungeon
 18356 | D:10     | 18356 ||| Stepping ~*~*~tactically~*~*~ (stealth).
 18357 | D:10     | 18357 ||| Stepping ~*~*~tactically~*~*~ (stealth).
 18434 | D:10     | 18434 ||| Stepping ~*~*~tactically~*~*~ (stealth).
 18436 | D:10     | 18436 ||| Stepping ~*~*~tactically~*~*~ (stealth).
 18438 | D:10     | 18438 ||| Stepping ~*~*~tactically~*~*~ (stealth).
 18525 | D:10     | 18525 ||| Stepping ~*~*~tactically~*~*~ (hiding).
 18614 | D:10     | 18614 ||| Stepping ~*~*~tactically~*~*~ (stealth).
 18616 | D:10     | 18616 ||| Stepping ~*~*~tactically~*~*~ (stealth).
 18624 | D:10     | 18624 ||| Stepping ~*~*~tactically~*~*~ (stealth).
 18627 | D:10     | 18627 ||| Stepping ~*~*~tactically~*~*~ (stealth).
 18698 | D:10     | 18698 ||| Stepping ~*~*~tactically~*~*~ (stealth).
 18922 | D:10     | 18922 ||| DROPPING amulet of magic regeneration.
 18988 | D:11     | 18988 ||| Stepping ~*~*~tactically~*~*~ (stealth).
 19087 | D:11     | 19087 ||| Stepping ~*~*~tactically~*~*~ (stealth).
 19091 | D:11     | 19091 ||| Stepping ~*~*~tactically~*~*~ (stealth).
 19093 | D:11     | 19093 ||| Stepping ~*~*~tactically~*~*~ (stealth).
 19095 | D:11     | 19095 ||| Stepping ~*~*~tactically~*~*~ (stealth).
 19104 | D:11     | 19104 ||| Stepping ~*~*~tactically~*~*~ (stealth).
 19105 | D:11     | 19105 ||| Stepping ~*~*~tactically~*~*~ (stealth).
 19334 | D:11     | 19334 ||| Stepping ~*~*~tactically~*~*~ (hiding).
 19335 | D:11     | 19335 ||| Stepping ~*~*~tactically~*~*~ (hiding).
 19350 | D:11     | 19350 ||| FLEEEEING.
 19351 | D:11     | 19351 ||| FLEEEEING.
 19352 | D:11     | 19352 ||| FLEEEEING.
 19353 | D:11     | 19353 ||| FLEEEEING.
 19355 | D:11     | 19355 ||| FLEEEEING.
 19356 | D:11     | 19356 ||| FLEEEEING.
 19357 | D:11     | 19357 ||| FLEEEEING.
 19358 | D:11     | 19358 ||| FLEEEEING.
 19359 | D:11     | 19359 ||| FLEEEEING.
 19360 | D:11     | 19360 ||| FLEEEEING.
 19362 | D:11     | 19362 ||| FLEEEEING.
 19363 | D:11     | 19363 ||| FLEEEEING.
 19364 | D:11     | 19364 ||| FLEEEEING.
 19365 | D:11     | 19365 ||| FLEEEEING.
 19366 | D:11     | 19366 ||| FLEEEEING.
 19367 | D:11     | 19367 ||| FLEEEEING.
 19368 | D:11     | 19368 ||| FLEEEEING.
 19369 | D:11     | 19369 ||| FLEEEEING.
 19370 | D:11     | 19370 ||| FLEEEEING.
 19372 | D:11     | 19372 ||| STAIRDANCE
 19609 | D:11     | Found a sacrificial altar of Ru.
 19666 | D:11     | 19666 ||| Stepping ~*~*~tactically~*~*~ (hiding).
 19735 | D:11     | 19735 ||| PLANNING D
 19778 | D:12     | Reached XP level 14. HP: 137/137 MP: 13/13
 19983 | D:12     | 19983 ||| Stepping ~*~*~tactically~*~*~ (stealth).
 19989 | D:12     | 19989 ||| INVOKING Berserk.
 20124 | D:12     | 20124 ||| INVOKING Brothers in Arms.
 20125 | D:12     | 20125 ||| INVOKING Berserk.
 20308 | D:12     | 20308 ||| INVOKING Brothers in Arms.
 20310 | D:12     | 20310 ||| INVOKING Berserk.
 20710 | D:13     | 20710 ||| STAIRDANCE
 20743 | D:13     | 20743 ||| INVOKING Berserk.
 20747 | D:13     | 20747 ||| STAIRDANCE
 20881 | D:13     | 20881 ||| INVOKING Berserk.
 20937 | D:13     | 20937 ||| FLEEEEING.
 20938 | D:13     | 20938 ||| STAIRDANCE
 20994 | D:13     | 20994 ||| STAIRDANCE
 21072 | D:12     | 21072 ||| UPGRADING to +0 buckler.
 21096 | D:13     | Reached skill level 1 in Shields
 21191 | D:13     | Reached skill level 3 in Shields
 21191 | D:13     | 21191 ||| INVOKING Berserk.
 21216 | D:13     | 21216 ||| INVOKING Brothers in Arms.
 21232 | D:13     | 21232 ||| INVOKING Brothers in Arms.
 21233 | D:13     | 21233 ||| INVOKING Brothers in Arms.
 21241 | D:13     | HP: 32/138 [poisoned by a skeletal warrior]
 21242 | D:13     | 21242 ||| READING 5 scrolls of teleportation.
 21242 | D:13     | HP: 3/138 [skeletal warrior/+4 broad axe of venom (18)]
 21243 | D:13     | 21243 ||| DRINKING 7 potions of heal wounds.
 21244 | D:13     | 21244 ||| DRINKING 6 potions of heal wounds.
 21245 | D:13     | 21245 ||| DRINKING 5 potions of heal wounds.
 21247 | D:13     | HP: 24/138 [poisoned by a skeletal warrior]
 21248 | D:13     | 21248 ||| FLEEEEING.
 21249 | D:13     | 21249 ||| FLEEEEING.
 21250 | D:13     | 21250 ||| READING 4 scrolls of teleportation.
 21251 | D:13     | 21251 ||| DRINKING 4 potions of heal wounds.
 21252 | D:13     | 21252 ||| INVOKING Berserk.
 21276 | D:13     | HP: 31/138 [wind drake (shapeshifter)/the air (12)]
 21277 | D:13     | 21277 ||| READING 3 scrolls of teleportation.
 21278 | D:13     | 21278 ||| DRINKING 3 potions of heal wounds.
 21295 | D:13     | 21295 ||| Stepping ~*~*~tactically~*~*~ (stealth).
 21298 | D:13     | HP: 32/138 [vault guard/+0 broad axe (4)]
 21299 | D:13     | 21299 ||| READING 2 scrolls of teleportation.
 21300 | D:13     | 21300 ||| DRINKING 2 potions of heal wounds.
 21564 | D:13     | Reached skill level 6 in Shields
 21693 | D:13     | 21693 ||| Stepping ~*~*~tactically~*~*~ (stealth).
 21701 | D:13     | 21701 ||| INVOKING Berserk.
 21824 | D:13     | 21824 ||| FLEEEEING.
 21825 | D:13     | 21825 ||| FLEEEEING.
 22024 | D:13     | 22024 ||| SWAPPING to +0 broad axe.
 22025 | D:13     | 22025 ||| DROPPING +1 war axe of protection.
 22034 | D:13     | 22034 ||| SWAPPING to +4 broad axe of venom.
 22035 | D:13     | 22035 ||| DROPPING +0 broad axe.
 22208 | D:13     | 22208 ||| Stepping ~*~*~tactically~*~*~ (hiding).
 22231 | D:13     | 22231 ||| INVOKING Berserk.
 22236 | D:13     | HP: 49/207 [burnt (4)]
 22705 | D:13     | Found a gate to the Vaults.
 22849 | D:13     | Found a portal to a secret trove of treasure.
 22853 | D:13     | 22853 ||| UPGRADING to +2 tower shield.
 22863 | D:13     | 22863 ||| DROPPING +0 buckler.
 22864 | D:13     | 22864 ||| DROPPING +0 tower shield.
 22865 | D:13     | 22865 ||| DROPPING ring of flight.
 22866 | D:13     | 22866 ||| READING scroll labelled CATAUMP MYGU.
 22866 | D:13     | Identified a scroll of acquirement
 22866 | D:13     | 22866 ||| ACQUIRING ring of protection from fire
 22866 | D:13     | Acquired a ring of protection from fire
 22925 | D:14     | Reached skill level 9 in Shields
 23081 | D:14     | Found an iron altar of Okawaru.
 23171 | D:14     | Found a runed translucent door.
 23176 | D:14     | Found the +2 shield of Resistance {rF++ rC++ Will++}
 23181 | D:14     | Found a runed translucent door.
 23280 | D:14     | 23280 ||| FLEEEEING.
 23283 | D:14     | 23283 ||| FLEEEEING.
 23284 | D:14     | 23284 ||| FLEEEEING.
 23285 | D:14     | 23285 ||| FLEEEEING.
 23286 | D:14     | 23286 ||| FLEEEEING.
 23287 | D:14     | 23287 ||| FLEEEEING.
 23288 | D:14     | 23288 ||| FLEEEEING.
 23289 | D:14     | 23289 ||| FLEEEEING.
 23290 | D:14     | 23290 ||| FLEEEEING.
 23294 | D:14     | 23294 ||| STAIRDANCE
 23495 | D:14     | 23495 ||| Stepping ~*~*~tactically~*~*~ (hiding).
 23497 | D:14     | 23497 ||| Stepping ~*~*~tactically~*~*~ (hiding).
 23510 | D:14     | 23510 ||| SWAPPING to +2 vampiric war axe.
 23511 | D:14     | 23511 ||| DROPPING +4 broad axe of venom.
 23530 | D:14     | 23530 ||| Stepping ~*~*~tactically~*~*~ (hiding).
 23622 | D:14     | 23622 ||| READING scroll of enchant armour.
 23622 | D:14     | 23622 ||| ENCHANTING +1 pair of gloves.
 23798 | D:15     | Entered Level 15 of the Dungeon
 23817 | D:15     | 23817 ||| FLEEEEING.
 23818 | D:15     | 23818 ||| FLEEEEING.
 23819 | D:15     | 23819 ||| FLEEEEING.
 23820 | D:15     | 23820 ||| FLEEEEING.
 23821 | D:15     | 23821 ||| FLEEEEING.
 23822 | D:15     | 23822 ||| FLEEEEING.
 23823 | D:15     | 23823 ||| STAIRDANCE
 24063 | D:15     | Noticed Kirke
 24063 | D:15     | 24063 ||| Stepping ~*~*~tactically~*~*~ (stealth).
 24066 | D:15     | 24066 ||| Stepping ~*~*~tactically~*~*~ (stealth).
 24074 | D:15     | 24074 ||| INVOKING Trog's Hand.
 24076 | D:15     | 24076 ||| Stepping ~*~*~tactically~*~*~ (stealth).
 24096 | D:15     | Killed Kirke
 24097 | D:15     | Reached XP level 15. HP: 145/145 MP: 14/14
 24111 | D:15     | 24111 ||| INVOKING Berserk.
 24112 | D:15     | Found a staircase to the Depths.
 24145 | D:15     | 24145 ||| FLEEEEING.
 24149 | D:15     | 24149 ||| Stepping ~*~*~tactically~*~*~ (hiding).
 24190 | D:15     | 24190 ||| FLEEEEING.
 24191 | D:15     | 24191 ||| Stepping ~*~*~tactically~*~*~ (hiding).
 24192 | D:15     | 24192 ||| FLEEEEING.
 24193 | D:15     | 24193 ||| FLEEEEING.
 24194 | D:15     | 24194 ||| FLEEEEING.
 24195 | D:15     | 24195 ||| FLEEEEING.
 24196 | D:15     | 24196 ||| FLEEEEING.
 24197 | D:15     | 24197 ||| FLEEEEING.
 24198 | D:15     | 24198 ||| FLEEEEING.
 24200 | D:15     | 24200 ||| FLEEEEING.
 24201 | D:15     | 24201 ||| FLEEEEING.
 24202 | D:15     | 24202 ||| FLEEEEING.
 24203 | D:15     | 24203 ||| FLEEEEING.
 24204 | D:15     | 24204 ||| FLEEEEING.
 24205 | D:15     | 24205 ||| FLEEEEING.
 24206 | D:15     | 24206 ||| FLEEEEING.
 24207 | D:15     | 24207 ||| FLEEEEING.
 24208 | D:15     | 24208 ||| FLEEEEING.
 24209 | D:15     | 24209 ||| FLEEEEING.
 24210 | D:15     | 24210 ||| FLEEEEING.
 24211 | D:15     | 24211 ||| FLEEEEING.
 24212 | D:15     | 24212 ||| FLEEEEING.
 24213 | D:15     | 24213 ||| FLEEEEING.
 24214 | D:15     | 24214 ||| FLEEEEING.
 24215 | D:15     | 24215 ||| FLEEEEING.
 24216 | D:15     | 24216 ||| FLEEEEING.
 24217 | D:15     | 24217 ||| FLEEEEING.
 24218 | D:15     | 24218 ||| FLEEEEING.
 24219 | D:15     | 24219 ||| FLEEEEING.
 24220 | D:15     | 24220 ||| FLEEEEING.
 24221 | D:15     | 24221 ||| FLEEEEING.
 24222 | D:15     | 24222 ||| STAIRDANCE
 24360 | D:15     | 24360 ||| STAIRDANCE
 24488 | D:15     | Found a runed translucent door.
 24496 | D:15     | Noticed a tengu reaver
 24498 | D:15     | 24498 ||| Stepping ~*~*~tactically~*~*~ (stealth).
 24500 | D:15     | 24500 ||| Stepping ~*~*~tactically~*~*~ (stealth).
 24518 | D:15     | 24518 ||| INVOKING Berserk.
 24690 | D:15     | 24690 ||| INVOKING Trog's Hand.
 24693 | D:15     | 24693 ||| INVOKING Berserk.
 24701 | D:15     | Reached skill level 12 in Shields
 24843 | D:15     | 24843 ||| Stepping ~*~*~tactically~*~*~ (hiding).
 24892 | D:15     | 24892 ||| Stepping ~*~*~tactically~*~*~ (stealth).
 25007 | D:15     | 25007 ||| Stepping ~*~*~tactically~*~*~ (cloud).
 25126 | D:15     | 25126 ||| Stepping ~*~*~tactically~*~*~ (cloud).
 25133 | D:15     | 25133 ||| Stepping ~*~*~tactically~*~*~ (cloud).
 25135 | D:15     | 25135 ||| Stepping ~*~*~tactically~*~*~ (cloud).
 25476 | D:15     | 25476 ||| INVOKING Trog's Hand.
 25479 | D:15     | 25479 ||| INVOKING Berserk.
 25637 | D:15     | 25637 ||| PLANNING ORC
 25819 | Orc:1    | Entered Level 1 of the Orcish Mines
 25945 | Orc:2    | Entered Level 2 of the Orcish Mines
 25952 | Orc:2    | Found a staircase to the Elven Halls.
 26016 | Orc:2    | Noticed Sonja
 26017 | Orc:2    | 26017 ||| INVOKING Brothers in Arms.
 26021 | Orc:2    | 26021 ||| INVOKING Brothers in Arms.
 26032 | Orc:2    | Killed Sonja
 26272 | Orc:2    | 26272 ||| INVOKING Trog's Hand.
 26282 | Orc:2    | 26282 ||| INVOKING Berserk.
 26304 | Orc:2    | 26304 ||| INVOKING Brothers in Arms.
 26309 | Orc:2    | Identified the +14 battleaxe of Laceration {vorpal, Will+
                  | Stlth+} (Trog gifted it to you on level 2 of the Orcish
                  | Mines)
 26309 | Orc:2    | Received a gift from Trog
 26312 | Orc:2    | 26312 ||| INVOKING Trog's Hand.
 26312 | Orc:2    | Noticed Nessos
 26317 | Orc:2    | 26317 ||| INVOKING Brothers in Arms.
 26319 | Orc:2    | Killed Nessos
 26330 | Orc:2    | 26330 ||| FLEEEEING.
 26331 | Orc:2    | 26331 ||| FLEEEEING.
 26332 | Orc:2    | 26332 ||| FLEEEEING.
 26333 | Orc:2    | 26333 ||| FLEEEEING.
 26334 | Orc:2    | 26334 ||| FLEEEEING.
 26335 | Orc:2    | 26335 ||| FLEEEEING.
 26336 | Orc:2    | 26336 ||| FLEEEEING.
 26337 | Orc:2    | 26337 ||| FLEEEEING.
 26338 | Orc:2    | 26338 ||| FLEEEEING.
 26343 | Orc:2    | 26343 ||| INVOKING Brothers in Arms.
 26344 | Orc:2    | 26344 ||| INVOKING Berserk.
 26423 | Orc:2    | 26423 ||| Stepping ~*~*~tactically~*~*~ (stealth).
 26596 | Orc:2    | 26596 ||| Stepping ~*~*~tactically~*~*~ (stealth).
 26598 | Orc:2    | 26598 ||| Stepping ~*~*~tactically~*~*~ (stealth).
 26615 | Orc:2    | 26615 ||| Stepping ~*~*~tactically~*~*~ (stealth).
 26617 | Orc:2    | 26617 ||| Stepping ~*~*~tactically~*~*~ (stealth).
 26619 | Orc:2    | 26619 ||| Stepping ~*~*~tactically~*~*~ (stealth).
 26621 | Orc:2    | 26621 ||| Stepping ~*~*~tactically~*~*~ (stealth).
 26627 | Orc:2    | 26627 ||| Stepping ~*~*~tactically~*~*~ (hiding).
 26631 | Orc:2    | 26631 ||| INVOKING Berserk.
 26642 | Orc:2    | Reached skill level 15 in Shields
 26785 | Orc:2    | Found Fuoblus's Jewellery Emporium.
 26785 | Orc:2    | Found Ipliwent's Book Shop.
 26802 | Orc:2    | 26802 ||| BUYING +6 ring of dexterity (576 gold).
 26802 | Orc:2    | Bought a +6 ring of dexterity for 576 gold pieces
 26802 | Orc:2    | 26802 ||| BUYING amulet of Jyred {Reflect rPois rF- Will+
                  | Int+2 SH+5} (704 gold).
 26802 | Orc:2    | Bought the amulet of Jyred {Reflect rPois rF- Will+ Int+2
                  | SH+5} for 704 gold pieces
 26802 | Orc:2    | 26802 ||| SHOPLISTING amulet of guardian spirit (480 gold,
                  | have 299).
 26802 | Orc:2    | 26802 ||| SHOPLISTING amulet of reflection (480 gold, have
                  | 299).
 26802 | Orc:2    | 26802 ||| SHOPLISTING ring "Kuptist" {rPois Str+2 Dex+4
                  | SInv} (620 gold, have 299).
 26802 | Orc:2    | 26802 ||| SHOPLISTING ring "Nodam" {rF+ rC+ Int+3} (724
                  | gold, have 299).
 26954 | Orc:2    | 26954 ||| INVOKING Berserk.
 26977 | Orc:2    | Found Porigg's Antique Weapon Emporium.
 26977 | Orc:2    | Found Nolegeoh's Magic Scroll Shop.
 27087 | Orc:2    | 27087 ||| DROPPING +0 morningstar.
 27091 | Orc:2    | 27091 ||| BUYING runed broad axe (245 gold).
 27091 | Orc:2    | Bought a runed broad axe for 245 gold pieces
 27091 | Orc:2    | 27091 ||| DROPPING +2 vorpal broad axe.
 27101 | Orc:2    | 27101 ||| SHOPLISTING scroll of acquirement (936 gold, have
                  | 54).
 27101 | Orc:2    | 27101 ||| BUYING scroll of teleportation (54 gold).
 27101 | Orc:2    | Bought a scroll of teleportation for 54 gold pieces
 27298 | Orc:2    | 27298 ||| UPGRADING to amulet of Jyred {Reflect rPois rF-
                  | Will+ Int+2 SH+5}.
 27308 | Orc:2    | 27308 ||| REMOVING ring of poison resistance.
 27309 | Orc:2    | 27309 ||| UPGRADING to ring of protection from cold.
 27310 | Orc:2    | 27310 ||| UPGRADING to ring of protection from fire.
 27481 | Orc:1    | Found Ehoen's General Store.
 27482 | Orc:1    | Found Riwkegh's Specific Store.
 27504 | Orc:1    | 27504 ||| BUYING potion of curing (33 gold).
 27504 | Orc:1    | Bought a potion of curing for 33 gold pieces
 27504 | Orc:1    | 27504 ||| BUYING scroll of teleportation (33 gold).
 27504 | Orc:1    | Bought a scroll of teleportation for 33 gold pieces
 27586 | Orc:1    | Found a transporter.
 27591 | Orc:1    | Found a transporter.
 27592 | Orc:1    | Noticed qw's ghost (adept GrBe)
 27595 | Orc:1    | Identified the +11 great mace of Untruth {freeze, Fragile
                  | rPois rN+ Stlth+}
 27630 | Orc:1    | 27630 ||| Stepping ~*~*~tactically~*~*~ (hiding).
 27633 | Orc:1    | 27633 ||| Stepping ~*~*~tactically~*~*~ (hiding).
 27638 | Orc:1    | 27638 ||| INVOKING Berserk.
 27771 | Orc:1    | 27771 ||| PLANNING SNAKE:1-3
 27964 | Snake:1  | Entered Level 1 of the Snake Pit
 27997 | Snake:1  | 27997 ||| Stepping ~*~*~tactically~*~*~ (hiding).
 27998 | Snake:1  | 27998 ||| Stepping ~*~*~tactically~*~*~ (hiding).
 27999 | Snake:1  | 27999 ||| Stepping ~*~*~tactically~*~*~ (hiding).
 28133 | Snake:1  | 28133 ||| Stepping ~*~*~tactically~*~*~ (hiding).
 28138 | Snake:1  | 28138 ||| Stepping ~*~*~tactically~*~*~ (hiding).
 28200 | Snake:1  | 28200 ||| INVOKING Berserk.
 28327 | Snake:1  | 28327 ||| INVOKING Berserk.
 28531 | Snake:1  | 28531 ||| Stepping ~*~*~tactically~*~*~ (hiding).
 28679 | Snake:1  | 28679 ||| Stepping ~*~*~tactically~*~*~ (hiding).
 28698 | Snake:1  | Found Oskaklu's Jewellery Emporium.
 28705 | Snake:1  | 28705 ||| SHOPLISTING +4 ring of evasion (684 gold, have
                  | 386).
 28705 | Snake:1  | 28705 ||| SHOPLISTING +4 ring of protection (684 gold, have
                  | 386).
 28705 | Snake:1  | 28705 ||| SHOPLISTING amulet of guardian spirit (570 gold,
                  | have 386).
 28728 | Snake:1  | 28728 ||| Stepping ~*~*~tactically~*~*~ (hiding).
 28754 | Snake:1  | 28754 ||| INVOKING Berserk.
 29049 | Snake:1  | 29049 ||| Stepping ~*~*~tactically~*~*~ (hiding).
 29050 | Snake:1  | 29050 ||| INVOKING Berserk.
 29065 | Snake:1  | Reached XP level 16. HP: 152/152 MP: 15/15
 29613 | Snake:2  | 29613 ||| INVOKING Berserk.
 29630 | Snake:2  | 29630 ||| INVOKING Brothers in Arms.
 29632 | Snake:2  | HP: 27/152 [electric eel/bolt of electricity (16)]
 29633 | Snake:2  | 29633 ||| READING 4 scrolls of teleportation.
 29634 | Snake:2  | 29634 ||| DRINKING 2 potions of heal wounds.
 29798 | Snake:2  | 29798 ||| INVOKING Berserk.
 29812 | Snake:2  | 29812 ||| Stepping ~*~*~tactically~*~*~ (water).
 29819 | Snake:2  | Reached skill level 18 in Shields
 30113 | Snake:2  | 30113 ||| Stepping ~*~*~tactically~*~*~ (hiding).
 30115 | Snake:2  | 30115 ||| Stepping ~*~*~tactically~*~*~ (hiding).
 30180 | Snake:2  | 30180 ||| Stepping ~*~*~tactically~*~*~ (hiding).
 30181 | Snake:2  | 30181 ||| Stepping ~*~*~tactically~*~*~ (hiding).
 30360 | Snake:2  | 30360 ||| Stepping ~*~*~tactically~*~*~ (hiding).
 30367 | Snake:2  | 30367 ||| INVOKING Berserk.
 30388 | Snake:2  | 30388 ||| Stepping ~*~*~tactically~*~*~ (stealth).
 30389 | Snake:2  | 30389 ||| Stepping ~*~*~tactically~*~*~ (stealth).
 30404 | Snake:2  | 30404 ||| Stepping ~*~*~tactically~*~*~ (stealth).
 30405 | Snake:2  | 30405 ||| Stepping ~*~*~tactically~*~*~ (stealth).
 30413 | Snake:2  | 30413 ||| Stepping ~*~*~tactically~*~*~ (stealth).
 30415 | Snake:2  | 30415 ||| Stepping ~*~*~tactically~*~*~ (stealth).
 30417 | Snake:2  | 30417 ||| Stepping ~*~*~tactically~*~*~ (stealth).
 30464 | Snake:2  | 30464 ||| INVOKING Berserk.
 30543 | Snake:2  | 30543 ||| READING scroll of enchant armour.
 30543 | Snake:2  | 30543 ||| ENCHANTING +0 pair of boots.
 30668 | Snake:2  | Identified the +9 mace of the Warrior-Mage {speed, Will+}
 31029 | Snake:2  | 31029 ||| UPGRADING to +0 crystal plate armour.
 31039 | Snake:2  | 31039 ||| DROPPING +0 plate armour.
 31040 | Snake:2  | 31040 ||| DROPPING amulet of the acrobat.
 31041 | Snake:2  | 31041 ||| READING 10 scrolls of identify.
 31041 | Snake:2  | 31041 ||| IDENTIFYING silvery potion
 31042 | Snake:2  | 31042 ||| DROPPING potion of berserk rage.
 31057 | Snake:3  | 31057 ||| STAIRDANCE
 31072 | Snake:3  | 31072 ||| STAIRDANCE
 31221 | Snake:3  | Identified the +11 arbalest of Meleut {penet, SInv}
 31397 | Snake:3  | Received a gift from Trog
 31398 | Snake:3  | Reached skill level 16 in Armour
 31434 | Snake:3  | 31434 ||| DROPPING +3 broad axe.
 31549 | Snake:3  | Identified the +0 glaive "Rozokk" {venom, *Slow Int+2
                  | Dex+4}
 31663 | Snake:3  | 31663 ||| Stepping ~*~*~tactically~*~*~ (stealth).
 31665 | Snake:3  | 31665 ||| Stepping ~*~*~tactically~*~*~ (hiding).
 31669 | Snake:3  | 31669 ||| INVOKING Berserk.
 31900 | Snake:3  | 31900 ||| READING scroll of enchant weapon.
 31900 | Snake:3  | 31900 ||| ENCHANTING +2 vampiric war axe.
 31950 | Snake:3  | 31950 ||| PLANNING SHOALS:1-3
 32096 | Shoals:1 | Entered Level 1 of the Shoals
 32096 | Shoals:1 | Noticed Jorgrun
 32097 | Shoals:1 | 32097 ||| INVOKING Brothers in Arms.
 32099 | Shoals:1 | 32099 ||| INVOKING Berserk.
 32107 | Shoals:1 | Killed Jorgrun
 32296 | Shoals:1 | 32296 ||| Stepping ~*~*~tactically~*~*~ (hiding).
 32298 | Shoals:1 | 32298 ||| Stepping ~*~*~tactically~*~*~ (hiding).
 32306 | Shoals:1 | Reached skill level 17 in Armour
 32422 | Shoals:1 | 32422 ||| Stepping ~*~*~tactically~*~*~ (hiding).
 32678 | Shoals:1 | 32678 ||| Stepping ~*~*~tactically~*~*~ (hiding).
 32679 | Shoals:1 | 32679 ||| Stepping ~*~*~tactically~*~*~ (hiding).
 33018 | Shoals:1 | 33018 ||| Stepping ~*~*~tactically~*~*~ (hiding).
 33156 | Shoals:2 | 33156 ||| Stepping ~*~*~tactically~*~*~ (hiding).
 33157 | Shoals:2 | 33157 ||| Stepping ~*~*~tactically~*~*~ (hiding).
 33162 | Shoals:2 | 33162 ||| Stepping ~*~*~tactically~*~*~ (water).
 33311 | Shoals:2 | 33311 ||| INVOKING Berserk.
 33428 | Shoals:2 | Found a runed translucent gate.
 33429 | Shoals:2 | Found a runed translucent gate.
 33429 | Shoals:2 | Found an opulent altar of Gozag.
 33466 | Shoals:2 | 33466 ||| Stepping ~*~*~tactically~*~*~ (hiding).
 33468 | Shoals:2 | 33468 ||| Stepping ~*~*~tactically~*~*~ (hiding).
 33516 | Shoals:2 | 33516 ||| Stepping ~*~*~tactically~*~*~ (hiding).
 33521 | Shoals:2 | 33521 ||| INVOKING Berserk.
 33645 | Shoals:2 | 33645 ||| Stepping ~*~*~tactically~*~*~ (hiding).
 33702 | Shoals:2 | Found a runed translucent gate.
 33704 | Shoals:2 | Found Biade's Assorted Antiques.
 33742 | Shoals:2 | 33742 ||| Stepping ~*~*~tactically~*~*~ (hiding).
 33760 | Shoals:2 | 33760 ||| Stepping ~*~*~tactically~*~*~ (hiding).
 33922 | Shoals:2 | Noticed qw's ghost (adept MiBe)
 33924 | Shoals:2 | Found Opiut's Assorted Antiques.
 34071 | Shoals:3 | 34071 ||| Stepping ~*~*~tactically~*~*~ (stealth).
 34072 | Shoals:3 | 34072 ||| Stepping ~*~*~tactically~*~*~ (stealth).
 34074 | Shoals:3 | 34074 ||| Stepping ~*~*~tactically~*~*~ (hiding).
 34202 | Shoals:3 | 34202 ||| INVOKING Trog's Hand.
 34210 | Shoals:3 | Reached skill level 18 in Armour
 34213 | Shoals:3 | 34213 ||| INVOKING Berserk.
 34232 | Shoals:3 | 34232 ||| INVOKING Trog's Hand.
 34238 | Shoals:3 | 34238 ||| Stepping ~*~*~tactically~*~*~ (water).
 34240 | Shoals:3 | 34240 ||| Stepping ~*~*~tactically~*~*~ (water).
 34245 | Shoals:3 | 34245 ||| Stepping ~*~*~tactically~*~*~ (water).
 34246 | Shoals:3 | 34246 ||| FLEEEEING.
 34255 | Shoals:3 | 34255 ||| INVOKING Berserk.
 34259 | Shoals:3 | Reached skill level 9 in Throwing
 34439 | Shoals:3 | 34439 ||| FLEEEEING.
 34440 | Shoals:3 | 34440 ||| FLEEEEING.
 34441 | Shoals:3 | 34441 ||| FLEEEEING.
 34442 | Shoals:3 | 34442 ||| FLEEEEING.
 34452 | Shoals:3 | 34452 ||| FLEEEEING.
 34466 | Shoals:3 | 34466 ||| INVOKING Berserk.
 34640 | Shoals:3 | Noticed Mlioglotl
 34643 | Shoals:3 | 34643 ||| Stepping ~*~*~tactically~*~*~ (stealth).
 34644 | Shoals:3 | 34644 ||| Stepping ~*~*~tactically~*~*~ (stealth).
 34645 | Shoals:3 | 34645 ||| INVOKING Berserk.
 34654 | Shoals:3 | Killed Mlioglotl
 34658 | Shoals:3 | Found Lyka's Armour Shop.
 34772 | Shoals:3 | 34772 ||| BUYING +1 hat (198 gold).
 34772 | Shoals:3 | Bought a +1 hat for 198 gold pieces
 34772 | Shoals:3 | 34772 ||| SHOPLISTING +7 chain mail of Son Qero {Str+2
                  | Int-2 SInv} (912 gold, have 682).
 34781 | Shoals:3 | 34781 ||| INVOKING Berserk.
 34794 | Shoals:3 | Reached XP level 17. HP: 132/160 MP: 16/16
 34834 | Shoals:3 | 34834 ||| INVOKING Berserk.
 34861 | Shoals:3 | HP: 30/160 [merfolk javelineer/silver javelin (13)]
 34862 | Shoals:3 | 34862 ||| READING 9 scrolls of teleportation.
 34863 | Shoals:3 | 34863 ||| DRINKING 2 potions of heal wounds.
 34863 | Shoals:3 | Found Dimalut's Distillery.
 35178 | Shoals:3 | 35178 ||| BUYING potion of curing (42 gold).
 35178 | Shoals:3 | Bought a potion of curing for 42 gold pieces
 35178 | Shoals:3 | 35178 ||| BUYING potion of might (56 gold).
 35178 | Shoals:3 | Bought a potion of might for 56 gold pieces
 35360 | Shoals:3 | Found a gateway to a bazaar.
 35361 | Shoals:3 | 35361 ||| PLANNING BAZAAR
 35361 | Shoals:3 | 35361 ||| UPGRADING to +1 hat.
 35371 | Bazaar   | Entered a bazaar
 35378 | Bazaar   | Found Luitwuva's Armour Shop.
 35392 | Bazaar   | Found Hirrissai's Book Boutique.
 35406 | Bazaar   | Found Nousaarch's Antique Weapon Shop.
 35434 | Bazaar   | Found Ligynow's Book Shop.
 35448 | Bazaar   | Found Nannao's Assorted Antiques.
 35456 | Bazaar   | 35456 ||| BUYING potion of heal wounds (105 gold).
 35456 | Bazaar   | Bought a potion of heal wounds for 105 gold pieces
 35456 | Bazaar   | 35456 ||| BUYING scroll of teleportation (63 gold).
 35456 | Bazaar   | Bought a scroll of teleportation for 63 gold pieces
 35456 | Bazaar   | 35456 ||| BUYING scroll of teleportation (63 gold).
 35456 | Bazaar   | Bought a scroll of teleportation for 63 gold pieces
 35486 | Shoals:3 | 35486 ||| PLANNING SHOALS:1-3
 35702 | Shoals:3 | 35702 ||| PLANNING SNAKE:4
 35714 | Shoals:3 | 35714 ||| INVOKING Berserk.
 36061 | Snake:4  | Entered Level 4 of the Snake Pit
 36062 | Snake:4  | 36062 ||| STAIRDANCE
 36113 | Snake:4  | 36113 ||| INVOKING Berserk.
 36145 | Snake:4  | Reached skill level 19 in Armour
 36375 | Snake:4  | 36375 ||| READING scroll of enchant armour.
 36375 | Snake:4  | 36375 ||| ENCHANTING +0 crystal plate armour.
 36383 | Snake:4  | 36383 ||| Stepping ~*~*~tactically~*~*~ (hiding).
 36559 | Snake:4  | 36559 ||| Stepping ~*~*~tactically~*~*~ (hiding).
 36608 | Snake:4  | 36608 ||| Stepping ~*~*~tactically~*~*~ (hiding).
 36617 | Snake:4  | 36617 ||| Stepping ~*~*~tactically~*~*~ (hiding).
 36630 | Snake:4  | 36630 ||| INVOKING Berserk.
 36666 | Snake:4  | 36666 ||| FLEEEEING.
 36667 | Snake:4  | 36667 ||| FLEEEEING.
 36669 | Snake:4  | 36669 ||| FLEEEEING.
 36670 | Snake:4  | 36670 ||| FLEEEEING.
 36671 | Snake:4  | 36671 ||| FLEEEEING.
 36672 | Snake:4  | 36672 ||| FLEEEEING.
 36673 | Snake:4  | 36673 ||| FLEEEEING.
 36684 | Snake:4  | 36684 ||| Stepping ~*~*~tactically~*~*~ (hiding).
 36685 | Snake:4  | 36685 ||| Stepping ~*~*~tactically~*~*~ (hiding).
 36737 | Snake:4  | 36737 ||| FLEEEEING.
 36738 | Snake:4  | 36738 ||| FLEEEEING.
 36739 | Snake:4  | 36739 ||| FLEEEEING.
 36740 | Snake:4  | 36740 ||| FLEEEEING.
 36741 | Snake:4  | 36741 ||| FLEEEEING.
 36742 | Snake:4  | 36742 ||| FLEEEEING.
 36746 | Snake:4  | 36746 ||| FLEEEEING.
 36747 | Snake:4  | 36747 ||| FLEEEEING.
 36748 | Snake:4  | 36748 ||| FLEEEEING.
 36749 | Snake:4  | 36749 ||| FLEEEEING.
 36750 | Snake:4  | 36750 ||| FLEEEEING.
 36751 | Snake:4  | 36751 ||| FLEEEEING.
 36752 | Snake:4  | 36752 ||| FLEEEEING.
 36753 | Snake:4  | 36753 ||| FLEEEEING.
 36754 | Snake:4  | 36754 ||| FLEEEEING.
 36755 | Snake:4  | 36755 ||| FLEEEEING.
 36756 | Snake:4  | 36756 ||| FLEEEEING.
 36757 | Snake:4  | 36757 ||| FLEEEEING.
 36758 | Snake:4  | 36758 ||| FLEEEEING.
 36759 | Snake:4  | 36759 ||| FLEEEEING.
 36760 | Snake:4  | 36760 ||| FLEEEEING.
 36763 | Snake:4  | 36763 ||| FLEEEEING.
 36764 | Snake:4  | 36764 ||| FLEEEEING.
 36765 | Snake:4  | 36765 ||| FLEEEEING.
 36766 | Snake:4  | 36766 ||| FLEEEEING.
 36767 | Snake:4  | 36767 ||| FLEEEEING.
 36768 | Snake:4  | 36768 ||| FLEEEEING.
 36769 | Snake:4  | 36769 ||| FLEEEEING.
 36770 | Snake:4  | 36770 ||| FLEEEEING.
 36771 | Snake:4  | 36771 ||| FLEEEEING.
 36772 | Snake:4  | 36772 ||| FLEEEEING.
 36773 | Snake:4  | 36773 ||| FLEEEEING.
 36774 | Snake:4  | 36774 ||| FLEEEEING.
 36775 | Snake:4  | 36775 ||| FLEEEEING.
 36776 | Snake:4  | 36776 ||| FLEEEEING.
 36777 | Snake:4  | 36777 ||| STAIRDANCE
 36870 | Snake:4  | 36870 ||| Stepping ~*~*~tactically~*~*~ (hiding).
 36874 | Snake:4  | 36874 ||| Stepping ~*~*~tactically~*~*~ (hiding).
 36880 | Snake:4  | 36880 ||| INVOKING Berserk.
 37033 | Snake:4  | 37033 ||| Stepping ~*~*~tactically~*~*~ (stealth).
 37034 | Snake:4  | 37034 ||| Stepping ~*~*~tactically~*~*~ (stealth).
 37037 | Snake:4  | Noticed Vashnia
 37048 | Snake:4  | Killed Vashnia
 37085 | Snake:4  | 37085 ||| Stepping ~*~*~tactically~*~*~ (hiding).
 37101 | Snake:4  | Received a gift from Trog
 37137 | Snake:4  | Reached skill level 20 in Armour
 37141 | Snake:4  | 37141 ||| INVOKING Berserk.
 37314 | Snake:4  | 37314 ||| Stepping ~*~*~tactically~*~*~ (stealth).
 37317 | Snake:4  | 37317 ||| Stepping ~*~*~tactically~*~*~ (hiding).
 37324 | Snake:4  | 37324 ||| INVOKING Berserk.
 37467 | Snake:4  | Got a serpentine rune of Zot
 37574 | Snake:4  | 37574 ||| PLANNING VAULTS:1-4
 37852 | Vaults:1 | Entered Level 1 of the Vaults
 37865 | Vaults:1 | 37865 ||| Stepping ~*~*~tactically~*~*~ (hiding).
 37881 | Vaults:1 | 37881 ||| Stepping ~*~*~tactically~*~*~ (hiding).
 37939 | Vaults:1 | 37939 ||| INVOKING Brothers in Arms.
 37944 | Vaults:1 | 37944 ||| INVOKING Brothers in Arms.
 37945 | Vaults:1 | 37945 ||| INVOKING Berserk.
 38158 | Vaults:1 | 38158 ||| INVOKING Berserk.
 38303 | Vaults:1 | 38303 ||| Stepping ~*~*~tactically~*~*~ (hiding).
 38305 | Vaults:1 | 38305 ||| Stepping ~*~*~tactically~*~*~ (hiding).
 38312 | Vaults:1 | 38312 ||| INVOKING Berserk.
 38535 | Vaults:1 | 38535 ||| INVOKING Trog's Hand.
 38539 | Vaults:1 | 38539 ||| Stepping ~*~*~tactically~*~*~ (hiding).
 38546 | Vaults:1 | 38546 ||| INVOKING Berserk.
 38585 | Vaults:1 | 38585 ||| Stepping ~*~*~tactically~*~*~ (stealth).
 38589 | Vaults:1 | 38589 ||| Stepping ~*~*~tactically~*~*~ (stealth).
 38654 | Vaults:1 | 38654 ||| Stepping ~*~*~tactically~*~*~ (stealth).
 38656 | Vaults:1 | 38656 ||| INVOKING Trog's Hand.
 38681 | Vaults:1 | 38681 ||| Stepping ~*~*~tactically~*~*~ (hiding).
 38699 | Vaults:1 | Reached skill level 18 in Fighting
 38782 | Vaults:1 | 38782 ||| INVOKING Berserk.
 39079 | Vaults:1 | 39079 ||| Stepping ~*~*~tactically~*~*~ (stealth).
 39081 | Vaults:1 | 39081 ||| Stepping ~*~*~tactically~*~*~ (hiding).
 39208 | Vaults:1 | 39208 ||| Stepping ~*~*~tactically~*~*~ (stealth).
 39396 | Vaults:1 | 39396 ||| INVOKING Trog's Hand.
 39406 | Vaults:1 | Identified the +2 pair of boots of Esuukio {+Inv rCorr
                  | Str+4 Stlth+}
 39539 | Vaults:1 | 39539 ||| Stepping ~*~*~tactically~*~*~ (hiding).
 39548 | Vaults:1 | Reached XP level 18. HP: 162/172 MP: 17/17
 39673 | Vaults:1 | 39673 ||| DROPPING +1 hand axe of flaming.
 39775 | Vaults:1 | 39775 ||| Stepping ~*~*~tactically~*~*~ (hiding).
 39782 | Vaults:1 | 39782 ||| INVOKING Berserk.
 39889 | Vaults:1 | 39889 ||| Stepping ~*~*~tactically~*~*~ (stealth).
 40006 | Vaults:1 | 40006 ||| UPGRADING to +2 pair of boots of Esuukio {+Inv
                  | rCorr Str+4 Stlth+}.
 40016 | Vaults:1 | 40016 ||| DROPPING +1 pair of boots.
 40070 | Vaults:2 | 40070 ||| Stepping ~*~*~tactically~*~*~ (hiding).
 40073 | Vaults:2 | 40073 ||| INVOKING Brothers in Arms.
 40074 | Vaults:2 | 40074 ||| INVOKING Brothers in Arms.
 40076 | Vaults:2 | 40076 ||| INVOKING Berserk.
 40233 | Vaults:2 | 40233 ||| Stepping ~*~*~tactically~*~*~ (hiding).
 40265 | Vaults:2 | 40265 ||| INVOKING Trog's Hand.
 40338 | Vaults:2 | Reached skill level 21 in Armour
 40346 | Vaults:2 | 40346 ||| INVOKING Berserk.
 40506 | Vaults:2 | Noticed Asterion
 40509 | Vaults:2 | 40509 ||| INVOKING Berserk.
 40522 | Vaults:2 | Killed Asterion
 40707 | Vaults:2 | 40707 ||| Stepping ~*~*~tactically~*~*~ (hiding).
 40708 | Vaults:2 | 40708 ||| Stepping ~*~*~tactically~*~*~ (hiding).
 40711 | Vaults:2 | 40711 ||| Stepping ~*~*~tactically~*~*~ (hiding).
 40746 | Vaults:2 | Found a staircase to the Crypt.
 40748 | Vaults:2 | 40748 ||| INVOKING Berserk.
 40775 | Vaults:2 | HP: 26/173 [something (26)]
 40776 | Vaults:2 | HP: 10/173 [something (9)]
 40778 | Vaults:2 | 40778 ||| READING 12 scrolls of teleportation.
 40779 | Vaults:2 | 40779 ||| DRINKING 2 potions of heal wounds.
 40874 | Vaults:2 | 40874 ||| Invisible monster not found???
 41194 | Vaults:2 | 41194 ||| Stepping ~*~*~tactically~*~*~ (hiding).
 41204 | Vaults:2 | 41204 ||| INVOKING Trog's Hand.
 41233 | Vaults:2 | 41233 ||| INVOKING Berserk.
 41328 | Vaults:2 | 41328 ||| Stepping ~*~*~tactically~*~*~ (hiding).
 41529 | Vaults:2 | 41529 ||| INVOKING Trog's Hand.
 41582 | Vaults:2 | Noticed Frederick
 41583 | Vaults:2 | 41583 ||| INVOKING Brothers in Arms.
 41585 | Vaults:2 | 41585 ||| INVOKING Berserk.
 41594 | Vaults:2 | Killed Frederick
 41599 | Vaults:2 | 41599 ||| INVOKING Trog's Hand.
 41838 | Vaults:2 | Reached skill level 22 in Armour
 41857 | Vaults:2 | 41857 ||| Stepping ~*~*~tactically~*~*~ (stealth).
 41858 | Vaults:2 | 41858 ||| Stepping ~*~*~tactically~*~*~ (stealth).
 41866 | Vaults:2 | 41866 ||| Stepping ~*~*~tactically~*~*~ (hiding).
 41890 | Vaults:2 | 41890 ||| INVOKING Trog's Hand.
 41906 | Vaults:2 | 41906 ||| INVOKING Berserk.
 41937 | Vaults:2 | 41937 ||| Stepping ~*~*~tactically~*~*~ (stealth).
 41938 | Vaults:2 | 41938 ||| Stepping ~*~*~tactically~*~*~ (stealth).
 41954 | Vaults:2 | 41954 ||| INVOKING Trog's Hand.
 42074 | Vaults:2 | 42074 ||| INVOKING Trog's Hand.
 42079 | Vaults:2 | 42079 ||| INVOKING Berserk.
 42168 | Vaults:2 | 42168 ||| INVOKING Trog's Hand.
 42340 | Vaults:2 | 42340 ||| Stepping ~*~*~tactically~*~*~ (stealth).
 42404 | Vaults:2 | 42404 ||| Stepping ~*~*~tactically~*~*~ (hiding).
 42407 | Vaults:2 | 42407 ||| INVOKING Berserk.
 42542 | Vaults:2 | 42542 ||| Stepping ~*~*~tactically~*~*~ (stealth).
 42772 | Vaults:3 | 42772 ||| Stepping ~*~*~tactically~*~*~ (hiding).
 42773 | Vaults:3 | 42773 ||| Stepping ~*~*~tactically~*~*~ (hiding).
 42779 | Vaults:3 | Reached skill level 9 in Dodging
 42821 | Vaults:3 | 42821 ||| INVOKING Trog's Hand.
 42837 | Vaults:3 | 42837 ||| INVOKING Brothers in Arms.
 42840 | Vaults:3 | Reached XP level 19. HP: 182/182 MP: 18/18
 42840 | Vaults:3 | 42840 ||| INVOKING Trog's Hand.
 42845 | Vaults:3 | 42845 ||| INVOKING Berserk.
 43005 | Vaults:3 | 43005 ||| INVOKING Berserk.
 43194 | Vaults:3 | 43194 ||| INVOKING Trog's Hand.
 43290 | Vaults:3 | 43290 ||| INVOKING Trog's Hand.
 43292 | Vaults:3 | 43292 ||| Stepping ~*~*~tactically~*~*~ (stealth).
 43306 | Vaults:3 | Noticed Mara
 43308 | Vaults:3 | Noticed qw's illusion
 43311 | Vaults:3 | 43311 ||| INVOKING Berserk.
 43334 | Vaults:3 | Killed Mara
 43509 | Vaults:3 | 43509 ||| FLEEEEING.
 43510 | Vaults:3 | 43510 ||| FLEEEEING.
 43511 | Vaults:3 | 43511 ||| FLEEEEING.
 43580 | Vaults:3 | 43580 ||| INVOKING Berserk.
 43708 | Vaults:3 | 43708 ||| Stepping ~*~*~tactically~*~*~ (hiding).
 43709 | Vaults:3 | 43709 ||| Stepping ~*~*~tactically~*~*~ (hiding).
 43872 | Vaults:3 | 43872 ||| Stepping ~*~*~tactically~*~*~ (stealth).
 43950 | Vaults:3 | 43950 ||| INVOKING Berserk.
 44100 | Vaults:3 | 44100 ||| Stepping ~*~*~tactically~*~*~ (hiding).
 44105 | Vaults:3 | 44105 ||| INVOKING Trog's Hand.
 44365 | Vaults:3 | 44365 ||| INVOKING Trog's Hand.
 44420 | Vaults:3 | 44420 ||| INVOKING Berserk.
 44977 | Vaults:3 | 44977 ||| INVOKING Brothers in Arms.
 44978 | Vaults:3 | 44978 ||| INVOKING Berserk.
 45138 | Vaults:3 | 45138 ||| DROPPING +1 cloak.
 45139 | Vaults:3 | 45139 ||| DROPPING ring of fire.
 45228 | Vaults:4 | 45228 ||| INVOKING Brothers in Arms.
 45229 | Vaults:4 | 45229 ||| INVOKING Berserk.
 45373 | Vaults:4 | 45373 ||| INVOKING Trog's Hand.
 45386 | Vaults:4 | Reached skill level 23 in Armour
 45439 | Vaults:4 | 45439 ||| INVOKING Trog's Hand.
 45448 | Vaults:4 | Noticed Saint Roka
 45449 | Vaults:4 | 45449 ||| INVOKING Brothers in Arms.
 45456 | Vaults:4 | 45456 ||| INVOKING Berserk.
 45465 | Vaults:4 | Killed Saint Roka
 45479 | Vaults:4 | Reached skill level 21 in Shields
 45503 | Vaults:4 | 45503 ||| FLEEEEING.
 45505 | Vaults:4 | 45505 ||| Stepping ~*~*~tactically~*~*~ (stealth).
 45508 | Vaults:4 | 45508 ||| Stepping ~*~*~tactically~*~*~ (stealth).
 45538 | Vaults:4 | 45538 ||| INVOKING Trog's Hand.
 45593 | Vaults:4 | 45593 ||| INVOKING Brothers in Arms.
 45596 | Vaults:4 | 45596 ||| INVOKING Berserk.
 45774 | Vaults:4 | 45774 ||| Stepping ~*~*~tactically~*~*~ (stealth).
 45776 | Vaults:4 | 45776 ||| INVOKING Trog's Hand.
 45796 | Vaults:4 | 45796 ||| INVOKING Berserk.
 45847 | Vaults:4 | 45847 ||| FLEEEEING.
 45848 | Vaults:4 | 45848 ||| FLEEEEING.
 45903 | Vaults:4 | 45903 ||| Stepping ~*~*~tactically~*~*~ (stealth).
 45905 | Vaults:4 | 45905 ||| Stepping ~*~*~tactically~*~*~ (stealth).
 45906 | Vaults:4 | 45906 ||| Stepping ~*~*~tactically~*~*~ (stealth).
 45907 | Vaults:4 | 45907 ||| Stepping ~*~*~tactically~*~*~ (stealth).
 45909 | Vaults:4 | 45909 ||| INVOKING Trog's Hand.
 45921 | Vaults:4 | 45921 ||| INVOKING Brothers in Arms.
 45928 | Vaults:4 | 45928 ||| INVOKING Berserk.
 45942 | Vaults:4 | Reached skill level 24 in Armour
 46034 | Vaults:4 | 46034 ||| Stepping ~*~*~tactically~*~*~ (stealth).
 46035 | Vaults:4 | 46035 ||| Stepping ~*~*~tactically~*~*~ (stealth).
 46037 | Vaults:4 | 46037 ||| INVOKING Trog's Hand.
 46056 | Vaults:4 | 46056 ||| INVOKING Berserk.
 46127 | Vaults:4 | 46127 ||| INVOKING Brothers in Arms.
 46128 | Vaults:4 | 46128 ||| INVOKING Berserk.
 46133 | Vaults:4 | Reached XP level 20. HP: 195/195 MP: 19/19
 46237 | Vaults:4 | 46237 ||| Stepping ~*~*~tactically~*~*~ (stealth).
 46238 | Vaults:4 | 46238 ||| Stepping ~*~*~tactically~*~*~ (stealth).
 46239 | Vaults:4 | 46239 ||| Stepping ~*~*~tactically~*~*~ (stealth).
 46401 | Vaults:4 | 46401 ||| Stepping ~*~*~tactically~*~*~ (hiding).
 46402 | Vaults:4 | 46402 ||| Stepping ~*~*~tactically~*~*~ (hiding).
 46404 | Vaults:4 | 46404 ||| INVOKING Trog's Hand.
 46473 | Vaults:4 | 46473 ||| INVOKING Trog's Hand.
 46496 | Vaults:4 | 46496 ||| Stepping ~*~*~tactically~*~*~ (hiding).
 46500 | Vaults:4 | 46500 ||| INVOKING Trog's Hand.
 46534 | Vaults:4 | Noticed Aizul
 46537 | Vaults:4 | 46537 ||| INVOKING Trog's Hand.
 46548 | Vaults:4 | Killed Aizul
 46945 | Vaults:4 | 46945 ||| Stepping ~*~*~tactically~*~*~ (hiding).
 46946 | Vaults:4 | 46946 ||| INVOKING Berserk.
 46969 | Vaults:4 | Reached skill level 21 in Fighting
 46969 | Vaults:4 | Received a gift from Trog
 47197 | Vaults:4 | 47197 ||| PLANNING SHOALS:4
 47197 | Vaults:4 | 47197 ||| DROPPING ring of positive energy.
 47520 | Shoals:4 | Entered Level 4 of the Shoals
 47522 | Shoals:4 | Noticed Ilsuiw
 47525 | Shoals:4 | 47525 ||| INVOKING Brothers in Arms.
 47554 | Shoals:4 | Killed Ilsuiw
 47644 | Shoals:4 | 47644 ||| Stepping ~*~*~tactically~*~*~ (water).
 47677 | Shoals:4 | Reached skill level 12 in Throwing
 47682 | Shoals:4 | Found Dulono's General Store.
 47704 | Shoals:4 | Identified the +11 trident "Alyif" {elec, Int+4 Dex+5}
 47705 | Shoals:4 | 47705 ||| INVOKING Brothers in Arms.
 47706 | Shoals:4 | 47706 ||| INVOKING Brothers in Arms.
 47712 | Shoals:4 | 47712 ||| INVOKING Berserk.
 47845 | Shoals:4 | 47845 ||| BUYING potion of haste (150 gold).
 47845 | Shoals:4 | Bought a potion of haste for 150 gold pieces
 47867 | Shoals:4 | 47867 ||| READING scroll of enchant weapon.
 47867 | Shoals:4 | 47867 ||| ENCHANTING +3 vampiric war axe.
 47981 | Shoals:4 | 47981 ||| FLEEEEING.
 47982 | Shoals:4 | 47982 ||| FLEEEEING.
 47983 | Shoals:4 | 47983 ||| FLEEEEING.
 47984 | Shoals:4 | 47984 ||| FLEEEEING.
 47985 | Shoals:4 | 47985 ||| FLEEEEING.
 47986 | Shoals:4 | 47986 ||| FLEEEEING.
 47987 | Shoals:4 | 47987 ||| FLEEEEING.
 47988 | Shoals:4 | 47988 ||| FLEEEEING.
 47989 | Shoals:4 | 47989 ||| INVOKING Trog's Hand.
 47995 | Shoals:4 | 47995 ||| Stepping ~*~*~tactically~*~*~ (water).
 48004 | Shoals:4 | 48004 ||| INVOKING Berserk.
 48054 | Shoals:4 | 48054 ||| FLEEEEING.
 48119 | Shoals:4 | 48119 ||| Stepping ~*~*~tactically~*~*~ (water).
 48389 | Shoals:4 | Got a barnacled rune of Zot
 48473 | Shoals:4 | 48473 ||| Stepping ~*~*~tactically~*~*~ (stealth).
 48505 | Shoals:4 | 48505 ||| INVOKING Trog's Hand.
 48587 | Shoals:4 | 48587 ||| INVOKING Trog's Hand.
 48726 | Shoals:4 | 48726 ||| PLANNING DEPTHS
 48726 | Shoals:4 | 48726 ||| DROPPING ring of poison resistance.
 48727 | Shoals:4 | 48727 ||| DROPPING ring of poison resistance.
 49016 | Depths:1 | Entered Level 1 of the Depths
 49031 | Depths:1 | 49031 ||| Stepping ~*~*~tactically~*~*~ (hiding).
 49039 | Depths:1 | 49039 ||| INVOKING Brothers in Arms.
 49040 | Depths:1 | 49040 ||| INVOKING Brothers in Arms.
 49041 | Depths:1 | 49041 ||| INVOKING Berserk.
 49244 | Depths:1 | Identified the +6 hand axe of the Modern Xenops {drain,
                  | Fragile Will+ Str+4}
 49380 | Depths:1 | Reached skill level 25 in Armour
 49473 | Depths:1 | 49473 ||| Stepping ~*~*~tactically~*~*~ (hiding).
 49475 | Depths:1 | 49475 ||| Stepping ~*~*~tactically~*~*~ (hiding).
 49507 | Depths:1 | Found a gateway to Hell.
 49671 | Depths:1 | 49671 ||| Stepping ~*~*~tactically~*~*~ (hiding).
 49672 | Depths:1 | 49672 ||| INVOKING Brothers in Arms.
 49674 | Depths:1 | 49674 ||| INVOKING Berserk.
 49913 | Depths:1 | 49913 ||| Stepping ~*~*~tactically~*~*~ (stealth).
 49914 | Depths:1 | 49914 ||| Stepping ~*~*~tactically~*~*~ (stealth).
 49915 | Depths:1 | 49915 ||| INVOKING Berserk.
 50027 | Depths:1 | 50027 ||| Stepping ~*~*~tactically~*~*~ (stealth).
 50028 | Depths:1 | 50028 ||| Stepping ~*~*~tactically~*~*~ (stealth).
 50031 | Depths:1 | 50031 ||| Stepping ~*~*~tactically~*~*~ (hiding).
 50035 | Depths:1 | 50035 ||| INVOKING Trog's Hand.
 50074 | Depths:1 | Paralysed by something for 5 turns
 50079 | Depths:1 | 50079 ||| INVOKING Berserk.
 50439 | Depths:1 | 50439 ||| INVOKING Berserk.
 50601 | Depths:1 | 50601 ||| Stepping ~*~*~tactically~*~*~ (hiding).
 50603 | Depths:1 | 50603 ||| Stepping ~*~*~tactically~*~*~ (hiding).
 50611 | Depths:1 | 50611 ||| INVOKING Trog's Hand.
 50616 | Depths:1 | 50616 ||| INVOKING Berserk.
 50915 | Depths:1 | HP: 50/200 [daeva/divine providence (9)]
 50916 | Depths:1 | 50916 ||| READING 12 scrolls of teleportation.
 50917 | Depths:1 | 50917 ||| DRINKING 2 potions of heal wounds.
 51314 | Depths:1 | Found a white marble altar of Elyvilon.
 51325 | Depths:1 | Found a runed translucent door.
 51360 | Depths:1 | 51360 ||| UPGRADING to ring of see invisible.
 51390 | Depths:2 | 51390 ||| Stepping ~*~*~tactically~*~*~ (hiding).
 51394 | Depths:2 | 51394 ||| INVOKING Berserk.
 51400 | Depths:2 | 51400 ||| STAIRDANCE
 51426 | Depths:1 | 51426 ||| Stepping ~*~*~tactically~*~*~ (stealth).
 51474 | Depths:2 | 51474 ||| INVOKING Berserk.
 51640 | Depths:2 | 51640 ||| INVOKING Berserk.
 51802 | Depths:2 | 51802 ||| INVOKING Berserk.
 51922 | Depths:2 | 51922 ||| INVOKING Berserk.
 51935 | Depths:2 | Reached XP level 21. HP: 207/207 MP: 20/20
 51955 | Depths:2 | 51955 ||| FLEEEEING.
 52149 | Depths:2 | Found Muefrof's Antique Weapon Shoppe.
 52199 | Depths:2 | 52199 ||| Stepping ~*~*~tactically~*~*~ (hiding).
 52392 | Depths:2 | Found a one-way gate leading to the halls of Pandemonium.
 52499 | Depths:2 | Found a runed translucent door.
 52506 | Depths:2 | Noticed qw's ghost (adept MiFi)
 52521 | Depths:2 | 52521 ||| Stepping ~*~*~tactically~*~*~ (hiding).
 52525 | Depths:2 | 52525 ||| INVOKING Berserk.
 52657 | Depths:2 | 52657 ||| READING scroll of enchant armour.
 52657 | Depths:2 | 52657 ||| ENCHANTING +1 crystal plate armour.
 52753 | Depths:3 | Noticed a juggernaut
 52755 | Depths:3 | 52755 ||| INVOKING Berserk.
 52765 | Depths:3 | Killed a juggernaut
 52835 | Depths:3 | 52835 ||| Stepping ~*~*~tactically~*~*~ (hiding).
 52854 | Depths:3 | 52854 ||| INVOKING Berserk.
 52861 | Depths:3 | 52861 ||| STAIRDANCE
 53075 | Depths:3 | Noticed Louise
 53079 | Depths:3 | Found a one-way gate to the infinite horrors of the Abyss.
 53080 | Depths:3 | 53080 ||| Stepping ~*~*~tactically~*~*~ (hiding).
 53085 | Depths:3 | 53085 ||| INVOKING Trog's Hand.
 53096 | Depths:3 | Killed Louise
 53146 | Depths:3 | 53146 ||| INVOKING Berserk.
 53332 | Depths:3 | 53332 ||| Stepping ~*~*~tactically~*~*~ (stealth).
 53349 | Depths:3 | 53349 ||| INVOKING Trog's Hand.
 53355 | Depths:3 | 53355 ||| INVOKING Berserk.
 53509 | Depths:3 | 53509 ||| Stepping ~*~*~tactically~*~*~ (stealth).
 53582 | Depths:3 | 53582 ||| Stepping ~*~*~tactically~*~*~ (stealth).
 53583 | Depths:3 | 53583 ||| Stepping ~*~*~tactically~*~*~ (hiding).
 53584 | Depths:3 | 53584 ||| INVOKING Brothers in Arms.
 53585 | Depths:3 | 53585 ||| INVOKING Berserk.
 53723 | Depths:3 | 53723 ||| INVOKING Berserk.
 53873 | Depths:3 | 53873 ||| INVOKING Berserk.
 54097 | Depths:3 | 54097 ||| INVOKING Berserk.
 54142 | Depths:3 | 54142 ||| FLEEEEING.
 54220 | Depths:3 | 54220 ||| READING 11 scrolls of teleportation.
 54269 | Depths:3 | 54269 ||| READING scroll of enchant weapon.
 54269 | Depths:3 | 54269 ||| ENCHANTING +4 vampiric war axe.
 54284 | Depths:3 | Found a hide-covered altar of Uskayaw.
 54365 | Depths:3 | 54365 ||| Stepping ~*~*~tactically~*~*~ (stealth).
 54367 | Depths:3 | 54367 ||| Stepping ~*~*~tactically~*~*~ (hiding).
 54395 | Depths:3 | 54395 ||| INVOKING Berserk.
 54548 | Depths:3 | 54548 ||| INVOKING Berserk.
 54556 | Depths:3 | Reached skill level 26 in Armour
 54697 | Depths:3 | 54697 ||| FLEEEEING.
 54698 | Depths:3 | 54698 ||| INVOKING Berserk.
 55090 | Depths:4 | Entered Level 4 of the Depths
 55090 | Depths:4 | Noticed a juggernaut
 55091 | Depths:4 | 55091 ||| STAIRDANCE
 55099 | Depths:4 | 55099 ||| STAIRDANCE
 55212 | Depths:4 | Paralysed by a floating eye for 4 turns
 55216 | Depths:4 | 55216 ||| STAIRDANCE
 55219 | Depths:3 | Paralysed by a floating eye for 2 turns
 55239 | Depths:4 | 55239 ||| STAIRDANCE
 55241 | Depths:3 | 55241 ||| INVOKING Berserk.
 55254 | Depths:3 | Killed a juggernaut
 55361 | Depths:4 | 55361 ||| STAIRDANCE
 55376 | Depths:4 | 55376 ||| STAIRDANCE
 55388 | Depths:4 | 55388 ||| STAIRDANCE
 55444 | Depths:4 | 55444 ||| STAIRDANCE
 55561 | Depths:4 | 55561 ||| STAIRDANCE
 55597 | Depths:4 | 55597 ||| INVOKING Trog's Hand.
 55599 | Depths:4 | 55599 ||| INVOKING Berserk.
 55686 | Depths:4 | 55686 ||| FLEEEEING.
 55687 | Depths:4 | 55687 ||| FLEEEEING.
 55688 | Depths:4 | 55688 ||| FLEEEEING.
 55689 | Depths:4 | 55689 ||| FLEEEEING.
 55690 | Depths:4 | 55690 ||| FLEEEEING.
 55691 | Depths:4 | 55691 ||| FLEEEEING.
 55692 | Depths:4 | 55692 ||| STAIRDANCE
 55796 | Depths:4 | 55796 ||| STAIRDANCE
 55811 | Depths:4 | Identified the +2 dagger "Javvaekh" {holy, rPois rN+ Str+4
                  | Stlth-}
 55812 | Depths:4 | 55812 ||| STAIRDANCE
 55829 | Depths:4 | 55829 ||| STAIRDANCE
 55978 | Depths:4 | 55978 ||| STAIRDANCE
 55990 | Depths:4 | 55990 ||| STAIRDANCE
 55991 | Depths:4 | 55991 ||| INVOKING Berserk.
 56016 | Depths:4 | Noticed a golden dragon
 56034 | Depths:4 | Killed a golden dragon
 56197 | Depths:4 | 56197 ||| INVOKING Berserk.
 56342 | Depths:4 | 56342 ||| Stepping ~*~*~tactically~*~*~ (stealth).
 56343 | Depths:4 | 56343 ||| Stepping ~*~*~tactically~*~*~ (stealth).
 56345 | Depths:4 | 56345 ||| Stepping ~*~*~tactically~*~*~ (stealth).
 56407 | Depths:4 | 56407 ||| Stepping ~*~*~tactically~*~*~ (stealth).
 56415 | Depths:4 | 56415 ||| INVOKING Berserk.
 56442 | Depths:4 | Found a gate to the Realm of Zot.
 56443 | Depths:4 | Noticed a golden dragon
 56451 | Depths:4 | HP: 49/211 [white draconian stormcaller/divine providence
                  | (11)]
 56452 | Depths:4 | 56452 ||| READING 10 scrolls of teleportation.
 56452 | Depths:4 | HP: 24/211 [wind drake/the air[a white draconian
                  | stormcaller] (14)]
 56453 | Depths:4 | 56453 ||| DRINKING 3 potions of heal wounds.
 56454 | Depths:4 | 56454 ||| DRINKING 2 potions of heal wounds.
 56455 | Depths:4 | 56455 ||| DRINKING potion of heal wounds.
 56455 | Depths:4 | Found a one-way gateway to a ziggurat.
 56926 | Depths:4 | 56926 ||| INVOKING Berserk.
 56940 | Depths:4 | Killed a golden dragon
 57022 | Depths:4 | 57022 ||| Stepping ~*~*~tactically~*~*~ (hiding).
 57024 | Depths:4 | 57024 ||| Stepping ~*~*~tactically~*~*~ (hiding).
 57233 | Depths:4 | 57233 ||| INVOKING Berserk.
 57508 | Depths:4 | 57508 ||| PLANNING VAULTS:5
 57508 | Depths:4 | 57508 ||| DROPPING +2 plate armour of fire resistance.
 57585 | Depths:1 | 57585 ||| Stepping ~*~*~tactically~*~*~ (stealth).
 57779 | Vaults:5 | Entered Level 5 of the Vaults
 57780 | Vaults:5 | 57780 ||| INVOKING Trog's Hand.
 57781 | Vaults:5 | 57781 ||| STAIRDANCE
 57796 | Vaults:4 | Reached skill level 18 in Axes
 57799 | Vaults:5 | Noticed Bai Suzhen
 57800 | Vaults:5 | 57800 ||| STAIRDANCE
 57816 | Vaults:4 | Reached XP level 22. HP: 220/220 MP: 21/21
 57826 | Vaults:5 | Noticed a golden dragon
 57827 | Vaults:5 | 57827 ||| STAIRDANCE
 57871 | Vaults:5 | 57871 ||| STAIRDANCE
 57873 | Vaults:4 | 57873 ||| INVOKING Trog's Hand.
 57901 | Vaults:4 | Killed Bai Suzhen
 57902 | Vaults:4 | 57902 ||| Stepping ~*~*~tactically~*~*~ (cloud).
 57958 | Vaults:5 | 57958 ||| STAIRDANCE
 57978 | Vaults:5 | 57978 ||| STAIRDANCE
 57995 | Vaults:5 | 57995 ||| INVOKING Trog's Hand.
 58001 | Vaults:5 | 58001 ||| INVOKING Berserk.
 58014 | Vaults:5 | Killed a golden dragon
 58035 | Vaults:5 | 58035 ||| STAIRDANCE
 58037 | Vaults:4 | 58037 ||| INVOKING Brothers in Arms.
 58209 | Vaults:5 | Noticed a golden dragon
 58210 | Vaults:5 | 58210 ||| STAIRDANCE
 58212 | Vaults:4 | 58212 ||| INVOKING Berserk.
 58332 | Vaults:5 | 58332 ||| STAIRDANCE
 58342 | Vaults:5 | 58342 ||| STAIRDANCE
 58355 | Vaults:5 | 58355 ||| STAIRDANCE
 58376 | Vaults:5 | 58376 ||| STAIRDANCE
 58378 | Vaults:4 | 58378 ||| INVOKING Trog's Hand.
 58392 | Vaults:5 | 58392 ||| STAIRDANCE
 58402 | Vaults:5 | 58402 ||| STAIRDANCE
 58412 | Vaults:4 | Received a gift from Trog
 58443 | Vaults:5 | 58443 ||| INVOKING Brothers in Arms.
 58444 | Vaults:5 | 58444 ||| INVOKING Berserk.
 58456 | Vaults:5 | Killed a golden dragon
 58461 | Vaults:5 | Killed a ghostly golden dragon
 58462 | Vaults:5 | Reached skill level 27 in Armour
 58487 | Vaults:5 | Reached skill level 24 in Fighting
 58500 | Vaults:5 | 58500 ||| INVOKING Trog's Hand.
 58507 | Vaults:5 | 58507 ||| INVOKING Brothers in Arms.
 58508 | Vaults:5 | 58508 ||| INVOKING Brothers in Arms.
 58524 | Vaults:5 | HP: 42/212 [titan (20)]
 58525 | Vaults:5 | 58525 ||| READING 9 scrolls of teleportation.
 58525 | Vaults:5 | HP: 19/213 [vault warden/+0 great sword of holy wrath (18)]
 58526 | Vaults:5 | HP: 2/213 [titan (18)]
 58529 | Vaults:5 | 58529 ||| READING 8 scrolls of teleportation.
 58531 | Vaults:5 | Slain by a titan

Levels and vault maps discovered:
D:1:      psy_arrival_radial01, layout_basic, ebering_ecumenical_altar_ruins,
          corexii_corridor_pit
D:2:      layout_rooms, basic_altar, minmay_unequal
D:3:      layout_basic, lemuel_coloured_pillars_altar, serial_glass,
          glass_columns_a, glass_columns_a
D:4:      layout_loops_ring, minmay_misc_feat_roman
D:5:      layout_cave_pods, mainiacjoe_overflow_24_doors,
          minmay_tree_intersection, serial_bayou_crossing, uniq_grinder,
          uniq_sigmund
D:6:      layout_rooms, nicolae_overflow_hidden_temple, serial_shops,
          nicolae_shop_trees, roderic_lattice_a, nrook_pool_corridor,
          uniq_maggie
D:7:      layout_gridville, mainiacjoe_overflow_alcove_4,
          minmay_temple_entry_purple_smoke, enter_bailey_2
D:8:      layout_loops_ring
D:9:      layout_basic, lair_entry_dummy, david_orc_4, minmay_puff
D:10:     layout_gridville, hangedman_abyss_or_decor_stagger
D:11:     layout_roguey, nicolae_ru_the_path_less_chosen
D:12:     layout_stronghold, serial_column_ruins, column_ruins_pillar_2,
          column_ruins_pillar_3, column_ruins_pillar_7, column_ruins_pillar_4,
          column_ruins_pillar_1, column_ruins_pillar_3, column_ruins_pillar_2,
          column_ruins_pillar_6, column_ruins_pillar_1, column_ruins_pillar_2,
          column_ruins_pillar_2, column_ruins_pillar_9, column_ruins_pillar_7,
          column_ruins_pillar_1, column_ruins_pillar_6, column_ruins_pillar_3
D:13:     layout_cave_pools, erik_vaults_2, enter_trove_0,
          hangedman_abyss_or_decor_lesser_grid, grunt_ministairs_2,
          minivault_24, elves_outpost_lemuel
D:14:     layout_big_octagon, okawaru_trees_2, minmay_guarded_unrand_resistance
D:15:     gammafunk_depths_entry_grave, layout_stronghold,
          minmay_misc_feat_doors, kennysheep_treasure_room, uniq_kirke
Lair:1:   layout_gridlike, grunt_forest_large_clearings
Lair:2:   layout_chaotic_city, forest_entry_grove, lemuel_fruit_fields
Lair:3:   layout_roguey, shoals_dummy_entry, guppyfry_snake_entry_island, pond
Lair:4:   layout_roguey, dpeg_oklob_1, infiniplex_staircase_pool
Lair:5:   wormcave, layout_cave_shapes, hangedman_lair_caniforms_friends,
          minmay_slime_entry_oklob_open, lemuel_fruit_fields
Shoals:1: layout_shoals, uniq_jorgrun
Shoals:2: layout_shoals, ebering_ghost_gozag
Shoals:3: layout_shoals, serial_shops, bzr_entry_road, shop_statue, shop_statue,
          uniq_mlioglotl
Shoals:4: shoals_end_grunt_ice, layout_shoals, shoals_ilsuiw_ice, serial_shops,
          shop
Snake:1:  layout_layer_cave, serial_shops, shop, serial_bayou_shore_b
Snake:2:  layout_basic
Snake:3:  layout_rooms, drop_trap
Snake:4:  johnstein_snake_rune_scales, layout_misc_corridors, st_stairs_11
Orc:1:    layout_caves, gammafunk_ghost_smash, nicolae_specific_store,
          kennysheep_orc_chapel
Orc:2:    st_orc_town, layout_caves, guppyfry_orc_lava_fort, uniq_sonja,
          uniq_nessos
Vaults:1: v_misc_10, v_misc_23, v_misc_13, hangedman_vaults_capsules,
          hangedman_vaults_stream, hangedman_vaults_slither,
          nicolae_vaults_little_squares_5, v_alt_pattern_1,
          ontoclasm_vaults_fault, nicolae_vaults_alarming, vaults_dpeg_diagonal,
          layout_vaults_omnicross
Vaults:2: vaults_room_door_hall, hangedman_vaults_stitches,
          minmay_crypt_entry_simple_round, nicolae_vaults_murderbox, v_rooms_2,
          vaults_room_door_ring, v_rooms_1, vaults_standard_mumra_x,
          nicolae_vaults_angled_halls, nicolae_vaults_mini_display_case,
          vaults_dpeg_ring, layout_vaults_big_room, uniq_asterion,
          uniq_frederick
Vaults:3: ontoclasm_vaults_gallery, v_misc_19, v_misc_33,
          dpeg_vaults_monster_box, ontoclasm_vaults_spin,
          ontoclasm_vaults_hangar, nicolae_vaults_network_star,
          grunt_vaults_focal, v_misc_4, nicolae_vaults_network_s, v_misc_17,
          hangedman_vaults_stretched_pinwheel, vaults_room_pools,
          layout_vaults_omnibox, uniq_mara
Vaults:4: grunt_vaults_bifocal, nicolae_vaults_fighting_squares, v_misc_1,
          v_misc_24, nicolae_vaults_specimen_jars, vaults_room_fours,
          nicolae_vaults_network_quinsquares
          [nicolae_vaults_network_quincunx_subvault,
          nicolae_vaults_network_quincunx_subvault,
          nicolae_vaults_network_quincunx_subvault,
          nicolae_vaults_network_quincunx_subvault], v_misc_24, v_misc_11,
          ontoclasm_vaults_twist, vaults_mumra_hexcomb,
          nicolae_vaults_little_squares_5, v_misc_11, layout_vaults_maze_bifur,
          uniq_margery, uniq_aizul, uniq_saint_roka
Vaults:5: serial_shops, uniq_bai_suzhen
Depths:1: layout_honeycomb, hell_entry, serial_sigils_hangedman_gnaw,
          lemuel_angel_altar, grunt_megastairs_1
Depths:2: kennysheep_ambush_hall, layout_basic, ebering_ghost_inner_flame,
          grunt_pan_entry_sceptre, skrybe_limestone_x, serial_shops,
          nicolae_shop_competitors_out_of_business, hell_entry
Depths:3: nicolae_hexawheel, layout_cave_pools, pf_coc_iceberg,
          nicolae_abyss_entry_one_way_or_another, nicolae_uskayaw_suspiria,
          minmay_staircase_windowed_small
Depths:4: evilmike_zot_entry_round, layout_cave_pools, enter_ziggurat_a,
          nicolae_two_hexagons, serial_rivers, chequers_serial_rivers_large_b,
          chequers_serial_rivers_small_b, chequers_serial_rivers_small_b,
          chequers_serial_rivers_small_b, chequers_serial_rivers_room_b,
          hell_entry, serial_bayou_shore_b

Skill      XL: |  1  2  3  4  5  6  7  8  9 10 11 12 13 14 15 16 17 18 19 20 21 22 |
---------------+-------------------------------------------------------------------+-----
Axes           | 4 5 7 9 10 12 13 16 17 18 | 18.0
Fighting       | 4 5 6 8 9 11 14 16 18 19 20 22 23 24 | 24.0
Throwing       | 2 3 4 5 7 8 9 10 11 12 13 | 13.0
Armour         | 4 7 8 11 13 15 18 20 22 24 25 26 27 | 27.0
Dodging        | 3 4 5 6 7 9 10 11 | 11.8
Shields        | 10 17 19 20 21 22 | 22.0

Action                   |  1- 3 |  4- 6 |  7- 9 | 10-12 | 13-15 | 16-18 | 19-21 | 22-24 || total
-------------------------+-------+-------+-------+-------+-------+-------+-------+-------++-------
Melee: Hand axe          |    75 |    85 |    38 |       |       |       |       |       ||   198
       Headbutt          |     9 |    12 |    35 |    93 |   294 |   428 |   581 |    78 ||  1530
       Punch             |       |     1 |     2 |     6 |     8 |       |       |       ||    17
       War axe           |       |       |   214 |   462 |  1094 |  1643 |  1895 |   251 ||  5559
       Morningstar       |       |       |       |    10 |       |       |       |       ||    10
       Broad axe         |       |       |       |       |    73 |       |       |       ||    73
Throw: Javelin           |       |       |    34 |    56 |    84 |    90 |    93 |       ||   357
       Boomerang         |       |       |     3 |    48 |    10 |       |     1 |       ||    62
Invok: Berserk           |     4 |     3 |    13 |    19 |    31 |    35 |    47 |     3 ||   155
       Trog's Hand       |       |       |     1 |       |     5 |    14 |    24 |     4 ||    48
       Brothers in Arms  |       |       |       |     2 |    13 |     7 |    11 |     3 ||    36
  Use: Scroll            |     3 |     3 |    13 |    13 |     6 |     7 |     6 |     2 ||    53
       Potion            |       |     1 |       |     1 |     6 |     3 |     4 |       ||    15
 Stab: Petrified         |       |       |       |     3 |     4 |       |       |       ||     7
       Petrifying        |       |       |       |     1 |     1 |       |       |       ||     2
       Distracted        |       |       |       |       |     1 |       |     2 |       ||     3
       Confused          |       |       |       |       |       |       |     3 |       ||     3
Armor: Animal skin       |    20 |     1 |       |       |       |       |       |       ||    21
       Ring mail         |       |    24 |     9 |       |       |       |       |       ||    33
       Scale mail        |       |       |    49 |       |       |       |       |       ||    49
       Plate armour      |       |       |    84 |   208 |   445 |    59 |       |       ||   796
       Crystal plate arm |       |       |       |       |       |   406 |   610 |   291 ||  1307
Dodge: Dodged            |    37 |    38 |    91 |   241 |   492 |   329 |   467 |   179 ||  1874
Block: Tower shield      |       |       |       |       |   452 |  1725 |  1946 |   555 ||  4678
       Buckler           |       |       |       |       |    44 |       |       |       ||    44
       Reflection        |       |       |       |       |    19 |   176 |    58 |    48 ||   301

Table legend:
 A = Non-vault XP
 B = Vault XP
 C = Vault XP percentage of total XP
 D = Non-vault monster count
 E = Vault monster count
 F = Vault count percentage of total count
                 A         B        C        D         E       F
            +---------+---------+-------+---------+---------+-------
      Total |  451350 |  334672 |  42.6 |    1064 |     567 |  34.8
            +---------+---------+-------+---------+---------+-------
        D:1 |      42 |       0 |   0.0 |      23 |       0 |   0.0
        D:2 |      51 |       6 |  10.5 |      22 |       2 |   8.3
        D:3 |      88 |       0 |   0.0 |      13 |       0 |   0.0
        D:4 |     662 |       0 |   0.0 |      24 |       0 |   0.0
        D:5 |     726 |     516 |  41.5 |      17 |       2 |  10.5
        D:6 |     911 |     418 |  31.5 |      29 |       1 |   3.3
        D:7 |    2060 |       0 |   0.0 |      47 |       0 |   0.0
        D:8 |     963 |       0 |   0.0 |      19 |       0 |   0.0
        D:9 |    2552 |    1688 |  39.8 |      33 |      19 |  36.5
       D:10 |    1378 |       0 |   0.0 |      33 |       0 |   0.0
       D:11 |    3909 |       0 |   0.0 |      18 |       0 |   0.0
       D:12 |    4485 |     322 |   6.7 |       7 |       1 |  12.5
       D:13 |   11156 |   13338 |  54.5 |      22 |      19 |  46.3
       D:14 |    7535 |       0 |   0.0 |      15 |       0 |   0.0
       D:15 |   12174 |    6533 |  34.9 |      18 |      12 |  40.0
     Lair:1 |    3501 |    2390 |  40.6 |      12 |      14 |  53.8
     Lair:2 |   10173 |    1216 |  10.7 |      42 |       7 |  14.3
     Lair:3 |    4652 |    1663 |  26.3 |      18 |      10 |  35.7
     Lair:4 |    2315 |    1649 |  41.6 |       8 |       3 |  27.3
     Lair:5 |    9855 |   11033 |  52.8 |      34 |      58 |  63.0
   Shoals:1 |    5609 |    1895 |  25.3 |      17 |       1 |   5.6
   Shoals:2 |    7037 |       0 |   0.0 |      14 |       0 |   0.0
   Shoals:3 |   16599 |    1801 |   9.8 |      32 |       1 |   3.0
   Shoals:4 |    6385 |   27794 |  81.3 |      13 |      46 |  78.0
    Snake:1 |   13551 |       0 |   0.0 |      32 |       0 |   0.0
    Snake:2 |   23074 |       0 |   0.0 |      48 |       0 |   0.0
    Snake:3 |   13253 |     577 |   4.2 |      25 |       1 |   3.8
    Snake:4 |    9294 |   22063 |  70.4 |      18 |      35 |  66.0
      Orc:1 |    2231 |    1161 |  34.2 |      21 |       5 |  19.2
      Orc:2 |    2567 |   14677 |  85.1 |      34 |      71 |  67.6
   Vaults:1 |   26814 |   20384 |  43.2 |      40 |      31 |  43.7
   Vaults:2 |   37127 |   30487 |  45.1 |      51 |      39 |  43.3
   Vaults:3 |   23509 |   28190 |  54.5 |      34 |      33 |  49.3
   Vaults:4 |   55871 |   60786 |  52.1 |      75 |      78 |  51.0
   Vaults:5 |    7292 |   38548 |  84.1 |      16 |      34 |  68.0
   Depths:1 |   36757 |    1660 |   4.3 |      40 |       2 |   4.8
   Depths:2 |   19388 |    7282 |  27.3 |      24 |       9 |  27.3
   Depths:3 |   48573 |   22024 |  31.2 |      55 |      21 |  27.6
   Depths:4 |   17231 |   14571 |  45.8 |      21 |      12 |  36.4
            +---------+---------+-------+---------+---------+-------
